 Dungeon Crawl Stone Soup version 0.25.0-11-g1f837a76a1 (webtiles) character file.

Game seed: 11561446024273555703

569636 Flugkiller the Spry (level 24, -2/152 HPs)
             Began as a Deep Elf Chaos Knight on June 25, 2020.
             Was a Favourite Plaything of Xom.
             Killed by drain life
             ... invoked by a deathcap
             ... summoned by a curse toe
              (15 damage)
             ... on level 3 of the Crypt.
             The game lasted 03:44:27 (82477 turns).

Flugkiller the Spry (Deep Elf Chaos Knight)        Turns: 82477, Time: 03:44:28

Health: -2/152     AC: 29    Str: 18    XL:     24   Next: 38%
Magic:  36/41      EV: 28    Int: 34    God:    Xom [.*....]
Gold:   5778       SH: 22    Dex: 19    Spells: 0/47 levels left

rFire    + . .     SeeInvis +   l - +5 double sword of Ruju {drain, Str+8 Int+8 Stlth-}
rCold    + . .     Gourm    .   H - +5 kite shield {rC+}
rNeg     . . .     Faith    .   t - +2 robe of Vines {NoPotionHeal Regen+7}
rPois    .         Spirit   .   p - +3 crown of Dyrovepreva {rElec Int+2 SInv}
rElec    +         Reflect  +   z - scarf {+Inv}
rCorr    .         Harm     .   y - +2 pair of gloves
MR       +++..                  Q - +2 pair of boots {run}
Stlth    +.........             Z - amulet of reflection
HPRegen  3.15/turn              P - ring of Sif Muna's Esteem {MR+ EV+4}
MPRegen  0.27/turn              x - ring of Robustness {AC+8}

@: heavily drained, quick
A: horns 2, talons 1, icy blue scales 1, thin metallic scales 2, see invisible,
blink, clever 1, clumsy 1, fire resistance 1, sense surroundings 1, shaggy fur
2, electricity resistance, subdued magic 1, MP-powered wands
}: 5/15 runes: barnacled, slimy, silver, abyssal, gossamer
a: Blink, Renounce Religion, Evoke Invisibility


You were on level 3 of the Crypt.
You worshipped Xom.
You were a plaything of Xom.
You were not hungry.

You visited 9 branches of the dungeon, and saw 47 of its levels.
You visited the Abyss 4 times.
You also visited: Gauntlet and Ice Cave.

You collected 8454 gold pieces.
You spent 2676 gold pieces at shops.

Inventory:

Hand Weapons
 l - the +5 double sword of Ruju (weapon) {drain, Str+8 Int+8 Stlth-}
   (You acquired it on level 5 of the Vaults)

   A truly terrible weapon, it drains the life of those it strikes.
   It affects your strength (+8).
   It affects your intelligence (+8).
   It makes you less stealthy.
Missiles
 I - 8 throwing nets (quivered)
Armour
 p - the +3 crown of Dyrovepreva (worn) {rElec Int+2 SInv}
   (You found it on level 5 of the Vaults)

   It affects your intelligence (+2).
   It insulates you from electricity.
   It lets you see invisible.
 t - the +2 robe of Vines (worn) {NoPotionHeal Regen+7}
   (You found it on level 5 of the Vaults)

   It increases your rate of regeneration.
 y - a +2 pair of gloves (worn)
   (You found it on level 6 of the Dungeon)
 z - a scarf of invisibility (worn)
   (You found it on level 1 of the Elven Halls)
 H - a +5 kite shield of cold resistance (worn)
   (You took it off a vault warden on level 4 of the Vaults)
 Q - a +2 pair of boots of running (worn)
   (You found it in a Gauntlet)
Jewellery
 g - an uncursed ring of protection from fire
   (You found it on level 8 of the Dungeon)
 x - the ring of Robustness (right hand) {AC+8}
   (You found it in a Gauntlet)

   [ring of protection]

   It affects your AC (+8).
 F - the ring "Etojerghy" {+Inv rN+ Str+5}
   (You took it off a deep elf elementalist on level 3 of the Elven Halls)

   [ring of positive energy]

   It affects your strength (+5).
   It protects you from negative energy.
   It lets you turn invisible.
 P - the ring of Sif Muna's Esteem (left hand) {MR+ EV+4}
   (You acquired it on level 5 of the Vaults)

   [ring of evasion]

   It affects your evasion (+4).
   It affects your resistance to hostile enchantments.
 Y - the ring "Kuror" {Wiz rElec rN+ Str+2}
   (You took it off a deep elf death mage on level 3 of the Elven Halls)

   [ring of wizardry]

   It improves your spell success rate.
   It affects your strength (+2).
   It insulates you from electricity.
   It protects you from negative energy.
 Z - an amulet of reflection (around neck)
   (You found it on level 5 of the Lair of Beasts)
Wands
 n - a wand of acid (11)
   (You found it on level 9 of the Dungeon)
 o - a wand of enslavement (7)
   (You found it on level 2 of the Dungeon)
 u - a wand of paralysis (5)
   (You found it on level 4 of the Lair of Beasts)
 E - a wand of digging (22)
   (You found it on level 9 of the Dungeon)
 M - a wand of disintegration (8)
   (You found it on level 5 of the Vaults)
 S - a wand of iceblast (8)
   (You found it in a Gauntlet)
 W - a wand of clouds (7)
   (You found it on level 12 of the Dungeon)
Scrolls
 h - 24 scrolls of remove curse
 s - 5 scrolls of enchant armour
 v - a scroll of blinking
 w - 6 scrolls of fog
 A - 9 scrolls of teleportation
 C - 4 scrolls of immolation
 G - 7 scrolls of magic mapping
 K - 15 scrolls of identify
 N - 2 scrolls of vulnerability
 T - 7 scrolls of fear
 X - 5 scrolls of holy word
Potions
 a - 8 potions of stabbing
 d - 2 potions of berserk rage
 e - a potion of resistance
 f - 3 potions of might
 i - 8 potions of ambrosia
 k - 8 potions of magic
 m - 7 potions of curing
 q - 5 potions of haste
 B - 2 potions of cancellation
 J - 7 potions of mutation
 L - 11 potions of brilliance
 R - 6 potions of invisibility
Miscellaneous
 b - 4 boxes of beasts
 j - 8 phantom mirrors
 U - a phial of floods
   (You found it in a Gauntlet)
 V - a tin of tremorstones (3/3)
   (You found it in a Gauntlet)
Comestibles
 c - 40 rations


   Skills:
 - Level 16.0(13.3) Fighting
 - Level 16.0(13.3) Long Blades
 - Level 12.6(10.1) Armour
 - Level 18.0(15.2) Dodging
 - Level 13.0(10.5) Shields
 - Level 12.0(9.6) Spellcasting
 + Level 12.4(10.0) Conjurations
 - Level 4.0(2.0) Hexes
 - Level 4.0(2.0) Charms
 - Level 11.0(8.6) Summonings
 - Level 14.0(11.5) Necromancy
 - Level 11.5(9.2) Translocations
 - Level 6.0(3.9) Earth Magic
 - Level 14.0(11.5) Evocations


You couldn't memorise any spells.
You knew the following spells:

 Your Spells              Type           Power        Failure   Level  Hunger
a - Animate Dead          Necr           N/A          1%          4    None
b - Orb of Destruction    Conj           ######....   50%         7    ######.
c - Passage of Golubria   Tloc           N/A          1%          4    None
d - Lesser Beckoning      Tloc           ######....   1%          3    None
e - Agony                 Necr           ######..     1%          5    ###....
f - Borgnjor's Vile Clut  Necr/Erth      ######....   4%          5    ###....
g - Spectral Weapon       Hex/Chrm       ###.....     4%          3    None
h - Death Channel         Necr           ######....   5%          6    #####..
i - Spellforged Servitor  Conj/Summ      ######....   61%         7    ######.
q - Apportation           Tloc           ######       1%          1    None
r - Blink                 Tloc           N/A          1%          2    None

Your spell library contained the following spells:

 Spells                   Type           Power        Failure   Level  Hunger
 Animate Skeleton         Necr           N/A          1%          1    None
 Corona                   Hex            ###....      1%          1    None
 Foxfire                  Conj/Fire      ####         1%          1    None
 Magic Dart               Conj           ####         1%          1    None
 Pain                     Necr           ####         1%          1    None
 Shock                    Conj/Air       ####         1%          1    None
 Summon Small Mammal      Summ           ####         1%          1    None
 Call Imp                 Summ           ######..     1%          2    None
 Searing Ray              Conj           ######       1%          2    None
 Shroud of Golubria       Chrm/Tloc      #####.       1%          2    None
 Call Canine Familiar     Summ           ######..     1%          3    None
 Conjure Flame            Conj/Fire      #####...     1%          3    None
 Dazzling Flash           Conj/Hex       #####.       1%          3    None
 Gell's Gravitas          Tloc           ######....   1%          3    None
 Portal Projectile        Hex/Tloc       #####.       1%          3    None
 Recall                   Summ/Tloc      N/A          1%          3    None
 Static Discharge         Conj/Air       #####...     1%          3    None
 Stone Arrow              Conj/Erth      #####.       1%          3    None
 Summon Guardian Golem    Hex/Summ       #####...     1%          3    None
 Teleport Other           Tloc           ######..     1%          3    None
 Vampiric Draining        Necr           ######....   1%          3    None
 Dispel Undead            Necr           ######..     1%          4    None
 Iskenderun's Mystic Bla  Conj/Tloc      ######..     1%          4    None
 Passwall                 Tmut/Erth      ###.....     2%          2    None
 Slow                     Hex            ###.....     2%          2    None
 Mephitic Cloud           Conj/Pois/Air  ####....     2%          3    None
 Summon Demon             Summ           ######....   2%          5    ###....
 Beastly Appendage        Tmut           ##....       3%          1    None
 Freeze                   Ice            ##..         3%          1    None
 Sting                    Tmut/Pois      ##..         3%          1    None
 Ensorcelled Hibernation  Hex/Ice        ###...       3%          2    None
 Swiftness                Chrm/Air       ###.....     3%          2    None
 Fulminant Prism          Conj/Hex       #####.....   3%          4    None
 Confusing Touch          Hex            ###.....     4%          3    None
 Tukima's Dance           Hex            ###.....     4%          3    None
 Sticky Flame             Conj/Fire      #####...     4%          4    None
 Poisonous Vapours        Pois/Air       ##....       6%          2    None
 Sticks to Snakes         Tmut           ##......     6%          2    None
 Summon Ice Beast         Ice/Summ       #####...     7%          4    None
 Summon Lightning Spire   Summ/Air       #####...     7%          4    None
 Inner Flame              Hex/Fire       ###.....     8%          3    None
 Ozocubu's Armour         Chrm/Ice       ###.....     8%          3    None
 Iskenderun's Battlesphe  Conj/Chrm      #####...     9%          5    ###....
 Ignite Poison            Fire/Tmut/Pois ##......     12%         3    None
 Spider Form              Tmut/Pois      ##........   12%         3    None
 Leda's Liquefaction      Hex/Erth       ####......   12%         4    None
 Fireball                 Conj/Fire      #####.....   14%         5    ###....
 Lightning Bolt           Conj/Air       #####.....   14%         5    ###....
 Cause Fear               Hex            ###.......   17%         4    None
 Bolt of Magma            Conj/Fire/Erth #####.....   17%         5    ###....
 Petrify                  Tmut/Erth      ###.....     19%         4    None
 Shadow Creatures         Summ           N/A          19%         6    #####..
 Iron Shot                Conj/Erth      #####.....   34%         6    #####..
 Airstrike                Air            ##........   38%         4    None
 Ice Form                 Ice/Tmut       ##......     38%         4    None
 Olgreb's Toxic Radiance  Pois           ##......     38%         4    None
 Haunt                    Necr/Summ      ######....   50%         7    ######.
 Simulacrum               Ice/Necr       #####.....   52%         6    #####..
 Metabolic Englaciation   Hex/Ice        ###.......   61%         5    ###....
 Silence                  Hex/Air        ###.......   61%         5    ###....
 Yara's Violent Unravell  Hex/Tmut       ###.......   61%         5    ###....
 Conjure Ball Lightning   Conj/Air       #####.....   63%         6    #####..
 Malign Gateway           Summ/Tloc      ######....   67%         7    ######.
 Monstrous Menagerie      Summ           ######....   71%         7    ######.
 Summon Greater Demon     Summ           ######....   71%         7    ######.
 Blade Hands              Tmut           ##........   77%         5    ###....
 Freezing Cloud           Conj/Ice/Air   ####......   86%         6    #####..
 Borgnjor's Revivificati  Necr           ######....   95%         8    #######
 Infestation              Necr           ######....   95%         8    #######
 Darkness                 Hex            ###.......   96%         6    #####..
 Statue Form              Tmut/Erth      ###......    96%         6    #####..
 Ozocubu's Refrigeration  Ice            ##........   100%        6    #####..
 Ring of Flames           Chrm/Fire      ###.......   100%        7    ######.
 Chain Lightning          Conj/Air       #####.....   100%        8    #######
 Death's Door             Chrm/Necr      #####.....   100%        8    #######
 Discord                  Hex            ###.......   100%        8    #######
 Lehudib's Crystal Spear  Conj/Erth      #####.....   100%        8    #######
 Necromutation            Tmut/Necr      #####.....   100%        8    #######
 Summon Horrible Things   Summ           ######....   100%        8    #######
 Absolute Zero            Ice            ##........   100%        9    #######
 Fire Storm               Conj/Fire      #####.....   100%        9    #######
 Shatter                  Erth           ####......   100%        9    #######
 Tornado                  Air            ##........   100%        9    #######


Dungeon Overview and Level Annotations

Branches:
Dungeon (15/15)            Temple (0/1) D:5            Lair (6/6) D:11
 Shoals (4/4) Lair:4       Spider (4/4) Lair:4        Slime (5/5) Lair:6
    Orc (2/2) D:10            Elf (3/3) Orc:2        Vaults (5/5) D:13
  Crypt (3/3) Vaults:3       Tomb (0/3) Crypt:3      Depths (0/5) D:15
  IceCv (visited)         Gauntlet (visited)

Altars:
Elyvilon
Fedhas
Kikubaaqudgha
Makhleb
Okawaru
Ru
Sif Muna
Uskayaw
Wu Jian
Xom
Jiyva

Shops:
D:8 *   D:11 (   Orc:1 *   Orc:2 !(!}   Elf:1 (*   Vaults:1 ?   Vaults:2 [
Vaults:3 }   Vaults:4 ?

Portals:
Pandemonium: Orc:2

Annotations:
D:3 2 runed translucent doors, SamuraiZach's ghost, amateur DrBe
D:11 2 transporters, Flugkiller's ghost, journeyman DECK
Lair:3 exclusion: 5 oklob plants
Lair:4 exclusion: oklob plant
Spider:2 1 runed translucent door, 2 transporters, Enish's ghost, journeyman DDFi
Vaults:1 3 runed translucent doors, Enish's ghost, adept DDFi


Innate Abilities, Weirdness & Mutations

You have a pair of horns on your head.
You have sharp toenails.
You are partially covered in icy blue scales. (AC +2)
You are mostly covered in thin metallic scales. (AC +3)
You have supernaturally acute eyesight. (SInv)
You can translocate small distances at will.
Your mind is acute. (Int +2)
You are clumsy. (Dex -2)
Your flesh is heat resistant. (rF+)
You passively map a small area around you.
You are covered in thick fur. (AC +2)
You are resistant to electric shocks. (rElec)
Your spells are a little easier to cast, but a little less powerful.
You expend magic power (3 MP) to strengthen your wands.


Message History

You slash the wandering mushroom! You headbutt the wandering mushroom.
The wandering mushroom is almost destroyed.
The zombie hands constrict the curse toe.
You block the wandering mushroom's attack.
You block the deathcap's attack.
The wandering mushroom releases spores at you but does no damage.
Unknown command.
You slash the wandering mushroom!
You destroy the wandering mushroom!
The zombie hands constrict the curse toe!
The zombie hands release their grip on the curse toe.
The wandering mushroom closely misses you.
The deathcap releases spores at you but does no damage.
Unknown command.
You hit the curse toe but do no damage.
You headbutt the curse toe, but do no damage.
The curse toe is moderately damaged.
The curse toe calls on the powers of darkness!
Your body is wracked with pain!
* * * LOW HITPOINT WARNING * * *
You block the wandering mushroom's attack.
The deathcap misses you.
Unknown command.
The curse toe calls on the powers of darkness!
Your body is wracked with pain!
* * * LOW HITPOINT WARNING * * *
Casting: Borgnjor's Vile Clutch (mildly dangerous; 4% risk of failure)
Confirm with . or Enter, or press ? or * to list all spells.
You draw out your weapon's spirit!
The curse toe gestures.
Unknown command.
Unknown command.
Okay, then.
Unknown command.
You swap places.
The deathcap draws from the surrounding life force!
* * * LOW HITPOINT WARNING * * *
The deathcap is healed.
The curse toe gestures.
You hit the wandering mushroom. You headbutt the wandering mushroom!
The wandering mushroom is moderately damaged.
The wandering mushroom releases spores at you!
* * * LOW HITPOINT WARNING * * *
You are engulfed in a cloud of spores!
The wandering mushroom releases spores at your spectral weapon!
Your spectral weapon shares its damage with you!
* * * LOW HITPOINT WARNING * * *
The deathcap draws from the surrounding life force!
You die...
Xom thinks this is hilarious!

.......# #.#.#.####.#########.#
..)#########.#.#.#..............#
....)....[.......................
##########.....#.##.#.#..........
.........'.....'.................
#....##.##.....#.##.#.#######"###
#....##.##.....#....#.#######..#
#....##.##....f######f#........##
#######.##.....f@{ffzf'.[.......#
#.##....f######.#.........#
#.##.....# #.#.........#
#.######## #............ #.#
######..#..!#..##. # #.#
##..............##. ## #.#
###...##z''''##...### .# #.#
#...###.......###...# .#### #.#
##..##...........##..#


You could see a curse toe, a deathcap (summoned), 6 wandering mushrooms and a
friendly spectral +5 double sword of Ruju {drain, Str+8 Int+8 Stlth-}.

Vanquished Creatures
  Dissolution (Slime:5)
  the Royal Jelly (Slime:5)
  A juggernaut (Abyss:4)
  Boris (twice) (Crypt:1 Crypt:3)
  A golden dragon (Vaults:5)
  Bai Suzhen (Elf:2)
  2 bone dragons
  Rupert (D:14)
  Jorgrun (Orc:1)
  A deep elf master archer (Elf:3)
  19 acid blobs
  4 deep elf blademasters
  5 titans (Vaults:5)
  9 tentacled starspawn
  Kirke (Lair:4)
  4 sphinxes
  A tengu reaver (Vaults:5)
  6 ancient champions
  8 azure jellies
  Ilsuiw (Shoals:3)
  A shadow dragon (Vaults:5)
  3 revenants (Crypt:1)
  5 deep elf sorcerers
  A ghost moth (Spider:4)
  An iron dragon (Vaults:5)
  4 frost giants
  3 emperor scorpions
  12 vault wardens
  2 fire giants
  13 ironheart preservers
  3 curse skulls
  7 deep elf elementalists
  An angel (Abyss:4)
  13 stone giants
  4 ghouls (Crypt:2)
  A caustic shrike skeleton (Crypt:2)
  6 vampire knights
  5 entropy weavers
  2 reapers
  2 very ugly things (Vaults:5)
  2 ophanim (Abyss:4)
  5 deep elf demonologists
  Azrael (Orc:2)
  A spark wasp (Spider:4)
  9 deep elf annihilators
  A minotaur (Gauntlet)
  Snorg (Orc:2)
  8 jiangshi
  5 deep elf death magi
  7 death oozes
  6 ettins
  5 merfolk javelineers
  8 eidola
  9 merfolk impalers
  12 yaktaur captains
  4 deep elf high priests
  A fire dragon (shapeshifter) (Vaults:5)
  4 great orbs of eyes
  2 fire dragons
  4 ice dragons
  3 hydras
  5 ogre magi
  28 vault guards
  3 rakshasas
  An ice dragon (shapeshifter) (Elf:3)
  3 merfolk avatars
  Erica (D:11)
  4 death knights
  A catoblepas (Lair:6)
  2 alligator snapping turtles
  A two-headed ogre (shapeshifter) (Vaults:3)
  The ghost of Dirian the Carver, a novice MiFi (D:9)
  6 satyrs
  13 death yaks
  A queen ant (D:9)
  25 dancing weapons
  9 centaur warriors
  8 merfolk aquamancers
  An alligator (Vaults:4)
  A deep troll shaman (Vaults:3)
  5 hell hogs
  11 two-headed ogres
  7 vampire magi
  2 orc high priests (Orc:2)
  A titan zombie (Crypt:1)
  11 thrashing horrors
  A tengu warrior (D:13)
  19 deep elf knights
  3 soul eaters
  7 wretched stars
  3 storm dragon skeletons
  A titan skeleton (Crypt:3)
  2 shadow wraiths
  2 sixfirhies (Abyss:3)
  13 sea snakes
  4 unseen horrors
  2 spatial maelstroms (Abyss:4)
  19 skeletal warriors
  2 flayed ghosts (Crypt:2)
  15 deep trolls
  An infernal demonspawn (Orc:2)
  3 wizards
  A gelid demonspawn (Orc:2)
  An anaconda zombie (Crypt:2)
  A ghost moth zombie (Crypt:1)
  A kraken simulacrum (Shoals:4)
  An obsidian statue (Gauntlet)
  2 cherubim (Abyss:4)
  16 deep elf archers
  5 glowing orange brains
  A lindwurm (Lair:6)
  3 anaconda skeletons
  A tengu zombie (Vaults:4)
  9 phantasmal warriors
  12 orc knights
  53 deep elf magi
  6 necromancers
  30 ugly things
  13 harpies
  6 ironbrand convokers
  3 shining eyes
  16 orb spiders
  12 manticores
  20 wolf spiders
  The ghost of Aviak the Skirmisher, a novice OpVM (D:9)
  10 cyclopes
  16 fauns
  A worldbinder (Abyss:4)
  7 orc sorcerers
  A salamander (Lair:6)
  A moth of wrath (Spider:1)
  Maurice (Orc:2)
  A centaur zombie (D:13)
  A guardian serpent (shapeshifter) (D:12)
  A black mamba (shapeshifter) (Vaults:3)
  2 merfolk sirens
  3 human skeletons
  An elephant (shapeshifter) (Vaults:3)
  A rust devil (Orc:2)
  8 black mambas
  2 frost giant skeletons
  10 vault sentinels
  4 stone giant skeletons
  2 water nymphs
  2 ice statues (IceCv)
  9 smoke demons
  12 spiny frogs
  5 torpor snails (Lair:6)
  22 yaktaurs
  A gargoyle (D:10)
  A hellion (Abyss:3)
  A swamp worm zombie (Crypt:1)
  An orange demon (Orc:2)
  A rime drake (shapeshifter) (Vaults:2)
  11 freezing wraiths
  4 komodo dragons
  An alligator snapping turtle skeleton (Crypt:2)
  8 guardian mummies
  3 demonic crawlers
  3 rime drakes
  A tormentor (Abyss:3)
  3 efreet
  An ancient zyme (Abyss:4)
  A death yak skeleton (Crypt:1)
  3 tengu conjurers
  2 yaktaurs (shapeshifter)
  34 jumping spiders
  2 polar bears
  A queen bee (shapeshifter) (Slime:4)
  A jumping spider (shapeshifter) (Vaults:1)
  3 trolls
  A hornet (shapeshifter) (Vaults:5)
  20 merfolk
  6 wind drakes
  A polar bear (shapeshifter) (Elf:1)
  An ice dragon zombie (Crypt:2)
  12 hippogriffs
  3 tyrant leeches (Lair:6)
  14 hornets
  A blink frog (shapeshifter) (Orc:2)
  A hydra skeleton (Crypt:1)
  2 meliai zombies
  A slime creature (shapeshifter) (Elf:2)
  An ettin zombie (Crypt:1)
  4 blink frogs
  2 moth of wrath zombies
  73 slime creatures
  5 snapping turtles
  4 dream sheep
  15 raiju
  6 flying skulls
  2 air elementals (Elf:2)
  5 ynoxinuls
  2 ice dragon skeletons (Crypt:1)
  2 vampires (D:14)
  60 redbacks
  12 spriggans (Lair:5)
  5 shadows
  5 wraiths
  13 large abominations
  28 tarantellas
  4 hogs (Lair:4)
  A fire bat (shapeshifter) (Vaults:2)
  2 fire bats (Gauntlet)
  A tarantella (shapeshifter) (Vaults:1)
  A hog (shapeshifter) (Elf:3)
  31 yaks
  5 neqoxecs
  19 water elementals
  5 fire elementals
  A human (shapeshifter) (Vaults:1)
  A golden eye (shapeshifter) (Vaults:4)
  4 vampire mosquitoes (D:14)
  A steam dragon (Lair:6)
  3 basilisks
  3 chaos spawn
  2 wargs
  Edmund (D:6)
  A torturous demonspawn zombie (Crypt:3)
  5 soldier ants
  3 acid dragons
  7 water moccasins
  2 soldier ants (shapeshifter) (Vaults:1)
  3 hell hounds
  10 porcupines
  16 ice beasts
  An eye of draining (shapeshifter) (Elf:1)
  44 orc warriors
  A fire dragon simulacrum (Crypt:1)
  A meliai simulacrum (D:15)
  7 sky beasts
  A snapping turtle zombie (Crypt:1)
  A black bear (D:10)
  An ettin simulacrum (Crypt:1)
  4 phantoms
  3 necrophages
  A swamp dragon skeleton (Crypt:1)
  9 wolves
  7 boggarts
  10 centaurs
  5 eyes of draining
  An elephant skeleton (Crypt:3)
  A manticore skeleton (Crypt:3)
  12 ogres
  11 crocodiles
  4 human zombies
  2 big kobolds (D:12)
  13 small abominations
  An octopode zombie (Crypt:1)
  A yaktaur skeleton (Crypt:1)
  A gnoll sergeant (D:7)
  14 bullfrogs
  An earth elemental (Elf:2)
  A wyvern skeleton (D:14)
  2 scorpions
  A hornet simulacrum (D:15)
  A yak zombie (Crypt:3)
  An orc simulacrum (Vaults:2)
  3 human simulacra
  A snapping turtle simulacrum (Crypt:2)
  2 troll zombies
  A spriggan skeleton (Crypt:1)
  12 wights
  An electric eel (Lair:6)
  6 howler monkeys
  12 crimson imps
  A bullfrog zombie (D:6)
  4 quasits
  9 starcursed masses (Abyss:4)
  9 hounds
  8 jellies
  A bullfrog skeleton (D:8)
  34 orc priests
  5 centaur skeletons
  An iron imp (Abyss:4)
  5 iguanas
  29 orc wizards
  15 worker ants
  5 hell rats (Lair:5)
  An acid dragon skeleton (Crypt:1)
  A big kobold zombie (Crypt:3)
  A hound zombie (D:9)
  A hound skeleton (D:4)
  3 mummies
  4 gnolls (D:7)
  A howler monkey skeleton (D:5)
  13 adders
  6 shadow imps
  15 white imps
  An ufetubus (Abyss:3)
  2 oozes
  An ooze (shapeshifter) (Vaults:3)
  An adder zombie (D:5)
  A lava snake zombie (Crypt:2)
  4 adder skeletons
  3 worms
  3 dart slugs
  6 leopard geckos
  103 orcs
  3 ball pythons
  6 giant cockroaches
  14 goblins
  8 hobgoblins
  11 jackals
  12 kobolds
  4 quokkas
  A ball python zombie (D:5)
  6 bats
  3 frilled lizards
  A goblin skeleton (Crypt:1)
  A kobold skeleton (Crypt:3)
  A leopard gecko skeleton (Crypt:3)
  A quokka skeleton (Crypt:1)
  6 rats
  A rat skeleton (Crypt:1)
  2 fungi (Lair:6)
  A plant (Lair:6)
  8 starspawn tentacles
  2 tentacles
1959 creatures vanquished.

Vanquished Creatures (collateral kills)
  A juggernaut (Vaults:5)
  A golden dragon (Vaults:5)
  A tentacled monstrosity (Vaults:5)
  A quicksilver dragon (Vaults:5)
  Gastronok (D:12)
  A titan (Vaults:5)
  An acid blob (Slime:5)
  3 storm dragons
  A tengu reaver (Vaults:5)
  2 fire giants (Vaults:5)
  An iron dragon (Vaults:5)
  An emperor scorpion (Spider:4)
  A ghost moth (Spider:4)
  2 vault wardens (Vaults:5)
  2 deep elf sorcerers (Vaults:5)
  An ironheart preserver (Vaults:5)
  A spark wasp (Spider:4)
  A merfolk impaler (Shoals:3)
  4 ettins (Vaults:5)
  A crystal guardian (Vaults:4)
  A merfolk javelineer (Shoals:3)
  A fire dragon (Lair:6)
  2 yaktaur captains (Vaults:5)
  4 vault guards (Vaults:5)
  A deep elf high priest (Vaults:5)
  A great orb of eyes (Vaults:5)
  2 merfolk avatars (Shoals:4)
  2 hydras
  A death knight (Vaults:2)
  A merfolk aquamancer (Shoals:4)
  A two-headed ogre (D:10)
  A tengu warrior (D:15)
  2 deep troll shamans (Vaults:5)
  The ghost of Lauz the Destroyer, a journeyman DEFE of Sif Muna (D:9)
  A thrashing horror (Abyss:3)
  2 orc high priests (Orc:2)
  A death yak (Lair:3)
  A dancing weapon (Elf:3)
  3 deep elf knights
  A skeletal warrior (D:14)
  3 deep trolls
  2 gelid demonspawn (Orc:2)
  5 sea snakes
  The ghost of schauveau the Basher, a novice GrMo of Dithmenos (D:9)
  A deep elf archer (Elf:1)
  An orc knight (Vaults:5)
  A phantasmal warrior (Vaults:5)
  An orc sorcerer (Orc:2)
  5 harpies
  4 orb spiders
  4 wolf spiders (Spider:4)
  4 deep elf magi
  2 cyclopes
  2 fauns
  3 manticores
  2 vault sentinels
  3 merfolk sirens
  3 water nymphs
  A black mamba (Lair:6)
  A spiny frog (Lair:3)
  A torpor snail (Spider:4)
  3 komodo dragons
  6 yaktaurs
  A rime drake (Lair:6)
  A demonic crawler (Spider:4)
  9 jumping spiders (Spider:4)
  A wind drake (Shoals:3)
  12 merfolk
  2 trolls
  A hornet (Spider:4)
  A blink frog (Lair:3)
  6 dream sheep
  2 slime creatures
  2 hippogriffs
  8 snapping turtles
  A dream sheep (shapeshifter) (Vaults:5)
  2 water elementals
  2 tarantellas (Spider:4)
  10 redbacks
  5 yaks
  A wyvern (Abyss:3)
  A basilisk (Lair:6)
  Eustachio (D:6)
  2 steam dragons (Lair:6)
  A soldier ant (D:9)
  3 water moccasins
  A swamp drake (Lair:6)
  An orc warrior (D:10)
  A phantom (D:10)
  A wolf (Lair:3)
  A crocodile (Lair:6)
  2 centaurs
  A bullfrog (D:12)
  A hound (D:10)
  A bullfrog zombie (D:12)
  An orc priest (D:6)
  A centaur skeleton (D:5)
  An orc wizard (D:10)
  4 worker ants
  2 hell rats (Lair:5)
  An adder (D:6)
  A gnoll (D:7)
  15 orcs
  A jackal (D:7)
  2 fungi
  11 plants
  2 tentacles
244 creatures vanquished.

Vanquished Creatures (others)
  Asterion (Elf:3)
  A storm dragon (Vaults:5)
  An azure jelly (Slime:5)
  A deep elf sorcerer (Elf:3)
  A very ugly thing (Vaults:1)
  A centaur warrior (Vaults:2)
  A merfolk aquamancer (Shoals:4)
  3 dancing weapons
  An alligator (D:14)
  A death yak (Lair:6)
  A deep elf knight (Elf:2)
  An ironbrand convoker (Vaults:2)
  2 deep elf magi
  A merfolk siren (Shoals:4)
  A rime drake (IceCv)
  A yaktaur (Vaults:4)
  A slime creature (Slime:5)
  2 snapping turtles
  A hippogriff (Lair:6)
  A redback (Spider:3)
  A tarantella (Spider:4)
  An air elemental (Elf:1)
  A human (Lair:4)
  A chaos spawn (Abyss:4)
  A warg (Vaults:5)
  A water moccasin (Lair:4)
  An eye of draining (Slime:5)
  2 ogres
  A crocodile (Lair:6)
  A manticore simulacrum (Abyss:3)
  3 wights (D:10)
  2 orc wizards
  2 orc priests
  5 orcs
  14 demonic plants (Gauntlet)
  7 fungi
  A lurking horror (Abyss:3)
  22 plants
  51 spectral weapons
  34 starspawn tentacles
  54 tentacles
230 creatures vanquished.

Grand Total: 2433 creatures vanquished

Notes
Turn   | Place    | Note
-------+----------+-------------------------------------------
     0 | D:1      | Flugkiller the Deep Elf Chaos Knight began the quest for
                  | the Orb.
     0 | D:1      | Reached XP level 1. HP: 13/13 MP: 3/3
     5 | D:1      | XOM: silly message
    44 | D:1      | XOM: silly message
   363 | D:1      | Reached skill level 3 in Dodging
   363 | D:1      | Reached XP level 2. HP: 17/18 MP: 4/4
   370 | D:1      | XOM: silly message
   377 | D:1      | XOM: silly message
   712 | D:1      | XOM: silly message
   799 | D:1      | XOM: cloud trail
  1133 | D:2      | XOM: god gift: 17 gold pieces
  1148 | D:2      | Reached XP level 3. HP: 18/23 MP: 5/5
  1383 | D:2      | XOM: give mutation
  1383 | D:2      | Gained mutation: You are resistant to hostile enchantments.
                  | (MR+) [Xom's grace]
  1406 | D:2      | XOM: god gift: 5 rations
  1596 | D:2      | XOM: give mutations
  1596 | D:2      | Gained mutation: Your mind is acute. (Int +2) [Xom's grace]
  1596 | D:2      | Gained mutation: You are partially covered in yellow
                  | scales. (AC +2) [Xom's grace]
  1633 | D:2      | XOM: divination: magic mapping
  1940 | D:1      | XOM: give mutation
  1940 | D:1      | Gained mutation: You are partially covered in icy blue
                  | scales. (AC +2) [Xom's grace]
  1977 | D:1      | XOM: give mutations
  1977 | D:1      | Gained mutation: You are somewhat resistant to further
                  | mutation. [Xom's grace]
  1977 | D:1      | Gained mutation: You have large cloven feet. [Xom's grace]
  2001 | D:2      | XOM: god gift: 55 gold pieces
  2173 | D:2      | XOM: snakes to sticks
  2206 | D:2      | Reached skill level 4 in Dodging
  2225 | D:2      | Found an iron altar of Okawaru.
  2236 | D:2      | Reached XP level 4. HP: 22/28 MP: 6/6
  2346 | D:2      | XOM: noise
  2533 | D:2      | XOM: confuse monster(s)
  2639 | D:3      | Found a large runed translucent door.
  2640 | D:3      | Found a large runed translucent door.
  2721 | D:3      | XOM: chaos upgrade
  2915 | D:3      | Noticed SamuraiZach's ghost (amateur DrBe)
  3129 | D:3      | XOM: polymorph orc -> quokka
  3250 | D:3      | XOM: swap monsters
  3253 | D:3      | Reached XP level 5. HP: 22/33 MP: 7/7
  3263 | D:3      | Reached skill level 5 in Dodging
  4125 | D:4      | XOM: god gift: viscous silvery potion {god gift}
  4250 | D:4      | XOM: god gift: 16 sling bullets
  4326 | D:4      | XOM: silly message
  4435 | D:4      | Reached XP level 6. HP: 27/39 MP: 8/8
  4528 | D:4      | XOM: confuse monster(s)
  4533 | D:4      | XOM: potion effect (invisibility)
  4735 | D:4      | Reached skill level 6 in Dodging
  4829 | D:4      | Found a shimmering blue altar of Sif Muna.
  4829 | D:4      | You fall into a shaft and drop 3 floors!
  4829 | D:7      | Noticed a hippogriff
  4846 | D:7      | XOM: chaos upgrade
  4864 | D:7      | Killed a hippogriff
  4914 | D:7      | Noticed an orc warrior
  4927 | D:7      | XOM: enchant monster (bad)
  4955 | D:6      | XOM: scenery: create altars
  4964 | D:6      | XOM: silly message
  4976 | D:6      | Noticed Eustachio
  4991 | D:6      | Found a shimmering altar of Xom.
  4995 | D:6      | XOM: summons 5 friendly demons
  5003 | D:6      | Killed Eustachio
  5003 | D:6      | Reached skill level 5 in Fighting
  5003 | D:6      | Reached skill level 7 in Dodging
  5003 | D:6      | Reached XP level 7. HP: 44/44 MP: 9/9
  5009 | D:6      | Found a shimmering altar of Xom.
  5009 | D:6      | Found a shimmering altar of Xom.
  5027 | D:6      | XOM: god gift: grey potion {god gift}
  5054 | D:6      | XOM: fog
  5066 | D:6      | XOM: potion effect (curing)
  5086 | D:6      | XOM: summons friendly shadow imp
  5088 | D:6      | XOM: summons 4 friendly demons
  5145 | D:6      | Found a shimmering altar of Xom.
  5147 | D:6      | Found a shimmering altar of Xom.
  5197 | D:6      | XOM: god gift: ration
  5216 | D:6      | XOM: fog
  5250 | D:6      | Found a shimmering altar of Xom.
  5347 | D:6      | XOM: give mutation
  5347 | D:6      | Gained mutation: You have hoof-like feet. [Xom's grace]
  5355 | D:5      | Entered Level 5 of the Dungeon
  5514 | D:5      | XOM: enchant monster (good)
  5517 | D:5      | XOM: summons 4 friendly demons
  5709 | D:5      | XOM: fake destruction
  5769 | D:5      | XOM: cast spell 'Metabolic Englaciation'
  5784 | D:5      | Reached skill level 8 in Dodging
  5865 | D:5      | Got a creamy pearl robe
  5885 | D:5      | Identified the +3 robe of an ice cave {rF+ Regen+} (You
                  | found it on level 5 of the Dungeon)
  5914 | D:5      | Reached XP level 8. HP: 51/51 MP: 10/10
  5963 | D:5      | XOM: summons friendly white imp
  5968 | D:5      | XOM: god gift: scroll labeled DENORA AWIOSU {god gift}
  5999 | D:5      | Learned a level 1 spell: Animate Skeleton
  6168 | D:5      | XOM: scenery: 1 doors open
  6182 | D:5      | Reached skill level 1 in Spellcasting
  6182 | D:5      | Reached skill level 1 in Necromancy
  6295 | D:5      | Found a white marble altar of Elyvilon.
  6295 | D:5      | Found a hide-covered altar of Uskayaw.
  6449 | D:5      | XOM: give mutations
  6449 | D:5      | Gained mutation: You are surrounded by a mild repulsion
                  | field. (EV +2) [Xom's grace]
  6449 | D:5      | Gained mutation: You are robust. (+10% HP) [Xom's grace]
  6449 | D:5      | Gained mutation: You possess an exceptional clarity of
                  | mind. [Xom's grace]
  6495 | D:5      | Reached skill level 9 in Dodging
  6528 | D:5      | Found a staircase to the Ecumenical Temple.
  7131 | D:6      | XOM: god gift: shortbow {god gift}
  7145 | D:6      | XOM: enchant monster (good)
  7274 | D:6      | Noticed Edmund
  7275 | D:6      | Found a blossoming altar of Fedhas.
  7303 | D:6      | Killed Edmund
  7669 | D:6      | XOM: destruction
  7698 | D:6      | XOM: enchant monster (good)
  7810 | D:6      | Found a burning altar of Makhleb.
  7982 | D:7      | Reached skill level 10 in Dodging
  7982 | D:7      | Reached XP level 9. HP: 62/62 MP: 12/12
  8022 | D:7      | XOM: scenery: create altars
  8077 | D:7      | XOM: summons 2 friendly demons
  8172 | D:7      | XOM: repel stairs
  8376 | D:7      | Noticed a meliai
  8376 | D:7      | a hog changed into a meliai
  8376 | D:7      | XOM: polymorph hog -> meliai
  8380 | D:7      | Noticed a polar bear
  8380 | D:7      | a meliai changed into a polar bear
  8380 | D:7      | XOM: summons 1 hostile demon
  8381 | D:7      | Noticed a soul eater
  8841 | D:8      | Found Runelo's Changing Room.
  8929 | D:8      | XOM: noise
  8936 | D:8      | XOM: confuse monster(s)
  8940 | D:8      | Reached skill level 11 in Dodging
  9039 | D:8      | XOM: silly message
  9090 | D:9      | Reached skill level 5 in Long Blades
  9152 | D:9      | XOM is BORED!
  9152 | D:9      | XOM: 3-stop teleportation journey
  9165 | D:9      | Found an ornate altar of the Wu Jian Council.
  9191 | D:9      | XOM: god gift: 23 stones
  9229 | D:9      | Found a runed translucent gate.
  9229 | D:9      | Found a runed translucent gate.
  9229 | D:9      | Found a runed translucent gate.
  9229 | D:9      | Noticed Lauz's ghost (journeyman DEFE)
  9234 | D:9      | Noticed Dirian's ghost (novice MiFi)
  9234 | D:9      | Noticed Aviak's ghost (novice OpVM)
  9234 | D:9      | Noticed schauveau's ghost (novice GrMo)
  9255 | D:9      | XOM: give mutations
  9255 | D:9      | Gained mutation: You are highly resistant to hostile
                  | enchantments. (MR++) [Xom's grace]
  9255 | D:9      | Gained mutation: Your system is resistant to poisons.
                  | (rPois) [Xom's grace]
  9297 | D:9      | Reached skill level 1 in Evocations
  9301 | D:9      | XOM: fog
  9355 | D:9      | XOM: summons 9 friendly demons
  9358 | D:9      | Reached XP level 10. HP: 70/70 MP: 13/13
  9462 | D:9      | Noticed a queen ant
  9471 | D:9      | XOM: summons friendly quasit
  9479 | D:9      | Killed a queen ant
  9923 | D:10     | Entered Level 10 of the Dungeon
  9923 | D:10     | Noticed a two-headed ogre
  9925 | D:10     | XOM: divination: magic mapping
  9930 | D:10     | XOM: summons 10 friendly demons
  9932 | D:10     | Killed a two-headed ogre
  9983 | D:10     | XOM: divine lightning
 10007 | D:10     | XOM: cast spell 'Summon Horrible Things'
 10167 | D:10     | Noticed a gargoyle
 10175 | D:10     | XOM: confuse monster(s)
 10177 | D:10     | Killed a gargoyle
 10177 | D:10     | Reached skill level 12 in Dodging
 10272 | D:10     | XOM: give mutation
 10272 | D:10     | Lost mutation: You are robust. (+10% HP) [Xom's mischief]
 10381 | D:10     | Noticed a two-headed ogre
 10397 | D:10     | XOM: smoke on damage
 10452 | D:10     | Killed a two-headed ogre
 10452 | D:10     | Reached skill level 5 in Evocations
 10630 | D:10     | XOM: god gift: 2 scrolls labeled GUBBUT GAGIBI {god gift}
 10661 | D:10     | Found a staircase to the Orcish Mines.
 10712 | D:11     | XOM: potion effect (invisibility)
 10770 | D:11     | Noticed a green ugly thing
 10773 | D:11     | XOM: cast spell 'Cause Fear'
 10776 | D:11     | Noticed a death yak
 10778 | D:11     | Found a staircase to the Lair.
 10778 | D:11     | Noticed a death yak
 10778 | D:11     | Noticed a death yak
 10787 | D:11     | XOM: cast spell 'Summon Small Mammal'
 10804 | D:11     | XOM: summons 3 friendly demons
 10805 | D:11     | XOM: cast spell 'Metabolic Englaciation'
 10806 | D:11     | XOM: potion effect (brilliance)
 10815 | D:11     | XOM: cast spell 'Summon Butterflies'
 10939 | D:10     | XOM: noise
 10944 | D:11     | Reached XP level 11. HP: 71/71 MP: 17/17
 10973 | D:11     | Noticed Erica
 11054 | D:10     | XOM: silly message
 11057 | D:11     | XOM: potion effect (curing)
 11063 | D:11     | XOM: smoke on damage
 11065 | D:11     | Killed Erica
 11094 | D:11     | Found Ysik's Antique Weapon Shop.
 11095 | D:11     | XOM: potion effect (haste)
 11107 | D:11     | XOM: potion effect (might)
 11185 | D:11     | Killed a brown ugly thing
 11280 | D:11     | Found a transporter.
 11283 | D:11     | Noticed Flugkiller's ghost (journeyman DECK)
 11283 | D:11     | Identified the +7 great mace of Fortitude {drain, Str+5
                  | Dex-2}
 11283 | D:11     | Noticed a two-headed ogre
 11283 | D:11     | Noticed a two-headed ogre
 11285 | D:11     | Found a transporter.
 11334 | D:11     | Noticed Harold
 11339 | D:11     | Noticed Harold
 11339 | D:11     | Harold changed into Harold the merfolk
 11343 | D:11     | XOM: potion effect (stabbing)
 11348 | D:11     | Killed Harold the merfolk
 11434 | D:11     | XOM: potion effect (invisibility)
 11450 | D:11     | XOM: potion effect (might)
 11471 | D:11     | XOM: potion effect (haste)
 11484 | D:11     | Killed a death yak
 11485 | D:11     | XOM: enchant monster (bad)
 11505 | D:11     | Killed a death yak
 11505 | D:11     | Reached skill level 10 in Fighting
 11508 | D:11     | Killed a death yak
 11514 | D:11     | Reached skill level 13 in Dodging
 11658 | Lair:1   | Entered Level 1 of the Lair of Beasts
 11960 | Lair:1   | XOM: enchant monster (bad)
 12043 | Lair:1   | XOM: cast spell 'Olgreb's Toxic Radiance'
 12184 | Lair:1   | XOM: divination: detect items
 12417 | Lair:2   | Reached skill level 14 in Dodging
 12423 | Lair:2   | Got a scorched leather armour
 12466 | Lair:2   | Identified the +0 leather armour "Leisiagh" {rF- rN+ Dex+2
                  | SInv} (You found it on level 2 of the Lair of Beasts)
 12565 | Lair:2   | XOM: potion effect (might)
 12661 | Lair:2   | XOM: god gift: quarterstaff {god gift}
 12860 | Lair:2   | XOM: god gift: scroll labeled YMU XUBELOSTIHAKH {god gift}
 13030 | Lair:2   | XOM is BORED!
 13030 | Lair:2   | XOM: give mutations
 13030 | Lair:2   | Gained mutation: You are clumsy. (Dex -2) [Xom's mischief]
 13030 | Lair:2   | Lost mutation: You have hoof-like feet. [Xom's mischief]
 13030 | Lair:2   | Lost mutation: You have large cloven feet. [Xom's mischief]
 13202 | Lair:3   | Reached XP level 12. HP: 65/78 MP: 18/18
 13399 | Lair:3   | XOM: summons 2 hostile demons
 13427 | Lair:3   | Noticed a death yak
 13428 | Lair:3   | Noticed a death yak
 13430 | Lair:3   | Noticed a death yak
 13431 | Lair:3   | Noticed a death yak
 13432 | Lair:3   | XOM: butterfly on damage
 13436 | Lair:3   | Noticed a death yak
 13436 | Lair:3   | Killed a death yak
 13479 | Lair:3   | XOM: 4-stop teleportation journey
 13482 | Lair:3   | Found a sacrificial altar of Ru.
 13770 | Lair:3   | Noticed a six-headed hydra
 13778 | Lair:3   | Killed a four-headed hydra
 13915 | Lair:3   | XOM: scenery: create altars
 13921 | Lair:3   | XOM: confuse monster(s)
 13927 | Lair:3   | Killed a death yak
 13950 | Lair:3   | Killed a death yak
 13957 | Lair:3   | Killed a death yak
 13984 | Lair:3   | Killed a death yak
 14088 | Lair:3   | XOM: cloud trail
 14203 | Lair:3   | XOM: divination: magic mapping
 14206 | Lair:4   | Noticed a death yak
 14206 | Lair:4   | Noticed a death yak
 14211 | Lair:4   | Noticed a death yak
 14213 | Lair:4   | XOM: fog
 14214 | Lair:3   | XOM: scenery: create altars
 14218 | Lair:3   | XOM: smoke on damage
 14236 | Lair:3   | XOM: divine lightning
 14243 | Lair:3   | Killed a death yak
 14270 | Lair:4   | Noticed a death yak
 14285 | Lair:3   | Killed a death yak
 14285 | Lair:3   | Reached skill level 10 in Long Blades
 14301 | Lair:3   | Killed a death yak
 14358 | Lair:4   | Noticed Kirke
 14381 | Lair:4   | Killed Kirke
 14385 | Lair:4   | Killed a death yak
 14389 | Lair:4   | Found a hole to the Spider Nest.
 14389 | Lair:4   | XOM: 7-stop teleportation journey
 14390 | Lair:4   | You fall into a shaft and drop 2 floors!
 14390 | Lair:6   | Entered Level 6 of the Lair of Beasts
 14390 | Lair:6   | Noticed a four-headed hydra
 14406 | Lair:6   | XOM: enchant monster (good)
 14411 | Lair:6   | Killed a one-headed hydra
 14434 | Lair:5   | Noticed a catoblepas
 14445 | Lair:6   | Killed a catoblepas
 14470 | Lair:6   | Reached XP level 13. HP: 63/84 MP: 19/19
 14537 | Lair:4   | XOM: silly message
 14603 | Lair:4   | Found a gate leading to a gauntlet.
 14611 | Gauntlet | Entered a Gauntlet
 14611 | Gauntlet | Found a transporter.
 14620 | Gauntlet | Found a transporter.
 14636 | Gauntlet | Found a transporter.
 14639 | Gauntlet | Found a transporter.
 14642 | Gauntlet | Found the ring of Robustness {AC+8}
 14662 | Gauntlet | Found a transporter.
 14672 | Gauntlet | Found a transporter.
 14676 | Gauntlet | Found a transporter.
 14680 | Gauntlet | Found a transporter.
 14703 | Gauntlet | Found a transporter.
 14720 | Gauntlet | Found a transporter.
 14724 | Gauntlet | Found a transporter.
 14732 | Gauntlet | Found a transporter.
 14793 | Gauntlet | XOM: silly message
 14862 | Gauntlet | XOM: summons friendly crimson imp
 14954 | Gauntlet | Identified the ring of Jasol {rN+ Dex+6}
 14954 | Gauntlet | Noticed a minotaur
 14970 | Gauntlet | XOM: divination: magic mapping
 14974 | Gauntlet | XOM: enchant monster (bad)
 14976 | Gauntlet | Killed a minotaur
 15118 | Gauntlet | Identified a +1 pair of boots of running (You found it in a
                  | Gauntlet)
 15165 | Lair:4   | Found a staircase to the Shoals.
 15166 | Lair:4   | XOM: cleaving
 15506 | Lair:5   | XOM: cast spell 'Statue Form'
 15518 | Lair:5   | XOM: snakes to sticks
 16265 | Lair:5   | XOM: god gift: runed robe {god gift}
 16587 | Lair:6   | XOM: cast spell 'Shadow Creatures'
 16755 | Lair:6   | Found a runed translucent door.
 16802 | Lair:6   | XOM: divination: detect creatures
 16836 | Lair:6   | XOM: 4-stop teleportation journey
 16862 | Lair:6   | XOM: confuse monster(s)
 17023 | Lair:6   | XOM: cleaving
 17118 | Lair:6   | XOM: god gift: hand crossbow {god gift}
 17144 | Lair:6   | Reached XP level 14. HP: 90/90 MP: 22/22
 17366 | Lair:6   | XOM: noise
 17627 | Lair:6   | Found a runed translucent door.
 17627 | Lair:6   | Found a viscous altar of Jiyva.
 17653 | Lair:6   | XOM: give mutations
 17653 | Lair:6   | Gained mutation: You have sharp toenails. [Xom's mischief]
 17653 | Lair:6   | Gained mutation: Scrolls take you a little longer to read.
                  | [Xom's mischief]
 17660 | Lair:6   | Reached skill level 1 in Armour
 17672 | Lair:6   | XOM: polymorph six-headed hydra -> fire dragon
 17677 | Lair:6   | Found a staircase to the Slime Pits.
 17682 | Lair:5   | XOM: summons 8 hostile demons
 17977 | Lair:6   | Reached skill level 10 in Evocations
 18331 | Lair:6   | XOM: polymorph torpor snail -> slime creature
 18342 | Lair:6   | XOM: confuse monster(s)
 18353 | Lair:6   | XOM: summons 2 friendly demons
 18696 | Lair:6   | XOM: potion effect (heal wounds)
 18702 | Lair:6   | Paralysed by a hornet for 2 turns
 18707 | Lair:6   | XOM: potion effect (invisibility)
 18830 | Lair:6   | XOM: silly message
 19013 | Lair:6   | XOM: silly message
 19434 | D:12     | XOM: cast spell 'Call Canine Familiar'
 19441 | D:12     | XOM: confuse monster(s)
 19696 | D:12     | Found a blossoming altar of Fedhas.
 19886 | D:12     | Noticed Gastronok
 19903 | D:12     | Killed Gastronok
 20216 | D:12     | XOM: divination: detect creatures
 20524 | D:13     | Found a gate to the Vaults.
 20532 | D:13     | XOM: fake destruction
 20588 | D:12     | XOM: give mutation
 20588 | D:12     | Lost mutation: You are clumsy. (Dex -2) [Xom's grace]
 20849 | D:13     | XOM: silly message
 21380 | D:13     | XOM: scenery: 1 doors close
 21386 | D:13     | Noticed a sphinx
 21394 | D:13     | XOM: noise
 21403 | D:13     | Killed a sphinx
 21403 | D:13     | Reached skill level 5 in Armour
 21415 | D:13     | You fall into a shaft and drop 2 floors!
 21415 | D:15     | Entered Level 15 of the Dungeon
 21420 | D:15     | XOM: cast spell 'Summon Small Mammal'
 21424 | D:15     | XOM: cast spell 'Summon Small Mammal'
 21581 | D:15     | XOM: god gift: 14 stones
 21746 | D:14     | XOM: cloud trail
 21840 | D:14     | XOM: silly message
 21851 | D:14     | XOM: cast spell 'Summon Ice Beast'
 21856 | D:14     | XOM: cast spell 'Summon Butterflies'
 21891 | D:14     | XOM: 2-stop teleportation journey
 21892 | D:14     | Noticed Rupert
 21894 | D:14     | XOM: summons friendly crimson imp
 22023 | D:14     | Noticed Louise
 22089 | D:14     | XOM: summons 7 friendly demons
 22090 | D:14     | Noticed Louise
 22090 | D:14     | Louise changed into Louise the alligator
 22090 | D:14     | XOM: polymorph Louise -> Louise the alligator
 22120 | D:14     | Your ally Louise died
 22125 | D:14     | Killed Rupert
 22207 | D:14     | Got a bloodstained ring mail
 22210 | D:14     | Identified the +5 ring mail of the Game of Life {rCorr}
                  | (You found it on level 14 of the Dungeon)
 22265 | D:14     | XOM: summons 5 friendly demons
 22357 | D:14     | XOM: swap monsters
 22397 | D:14     | Found a frozen archway.
 22428 | IceCv    | Entered an ice cave
 22434 | IceCv    | XOM: enchant monster (bad)
 22520 | IceCv    | Reached XP level 15. HP: 97/97 MP: 24/24
 22628 | IceCv    | XOM: cast spell 'Metabolic Englaciation'
 22641 | IceCv    | XOM: cleaving
 22643 | IceCv    | XOM: cleaving
 22747 | IceCv    | XOM: 3-stop teleportation journey
 22787 | IceCv    | XOM: give mutation
 22787 | IceCv    | Gained mutation: You have a beak for a mouth. [Xom's grace]
 22848 | IceCv    | XOM: scenery: create altars
 22868 | IceCv    | XOM: summons 6 friendly demons
 22906 | IceCv    | Got a fine lapis lazuli ring
 23031 | IceCv    | XOM: god gift: clouded golden ring {god gift}
 23032 | IceCv    | Got a clouded golden ring {god gift}
 23214 | D:14     | Identified the ring of Niff {+Fly Int+4 Dex-2 Slay+2
                  | Stlth+} (Xom gifted it to you in an ice cave)
 23350 | D:14     | XOM: potion effect (might)
 23375 | D:14     | XOM: cast spell 'Olgreb's Toxic Radiance'
 23377 | D:14     | XOM: noise
 23588 | D:14     | XOM: confuse monster(s)
 23713 | D:14     | Identified the cursed ring "Waceots" {rF+ Int-4} (You found
                  | it in an ice cave)
 23748 | D:14     | XOM: cloud trail
 24012 | D:15     | XOM: cloud trail
 24053 | D:15     | XOM: silly message
 24071 | D:15     | XOM: cast spell 'Ring of Flames'
 24105 | D:15     | XOM: silly message
 24146 | D:15     | XOM: potion effect (heal wounds)
 24162 | D:15     | XOM: potion effect (curing)
 24166 | D:15     | XOM: silly message
 24167 | D:15     | XOM: silly message
 24173 | D:15     | XOM: silly message
 24430 | D:15     | XOM: divination: detect creatures
 24437 | D:15     | XOM: noise
 24564 | D:15     | Found a staircase to the Depths.
 24564 | D:15     | XOM: 2-stop teleportation journey
 24780 | D:15     | Noticed a fire giant
 24783 | D:15     | XOM: confuse monster(s)
 24801 | D:15     | Killed a fire giant
 24884 | D:15     | XOM: give mutation
 24884 | D:15     | Lost mutation: Your mind is acute. (Int +2) [Xom's
                  | mischief]
 25146 | D:12     | XOM: scenery: 2 doors close
 25193 | Orc:1    | XOM: stealth player
 25193 | Orc:1    | Entered Level 1 of the Orcish Mines
 25271 | Orc:1    | Found Gykyalu's General Store.
 25446 | Orc:1    | XOM: scenery: create altars
 25494 | Orc:1    | Bought 3 scrolls of magic mapping for 136 gold pieces
 25494 | Orc:1    | Bought a scroll of fog for 26 gold pieces
 25494 | Orc:1    | Bought a potion of might for 52 gold pieces
 25592 | Orc:1    | XOM: noise
 25699 | Orc:1    | Noticed Jorgrun
 25718 | Orc:1    | Killed Jorgrun
 25734 | Orc:1    | XOM: divination: detect items
 25890 | Orc:1    | XOM: give mutations
 25890 | Orc:1    | Lost mutation: You are somewhat resistant to further
                  | mutation. [Xom's grace]
 25890 | Orc:1    | Gained mutation: You evolve. [Xom's grace]
 25890 | Orc:1    | Gained mutation: You have an increased reservoir of magic.
                  | (+10% MP) [Xom's grace]
 25890 | Orc:1    | Gained mutation: You are resistant to electric shocks.
                  | (rElec) [Xom's grace]
 25890 | Orc:1    | Gained mutation: You expend magic power (3 MP) to
                  | strengthen your wands. [Xom's grace]
 26058 | Orc:1    | Found a burning altar of Makhleb.
 26141 | Orc:2    | Entered Level 2 of the Orcish Mines
 26197 | Orc:2    | Noticed Snorg
 26227 | Orc:2    | Killed Snorg
 26268 | Orc:2    | Noticed Azrael
 26276 | Orc:2    | XOM: 1-stop teleportation journey
 26294 | Orc:2    | XOM: draining
 26453 | Orc:2    | XOM: 1-stop teleportation journey
 26457 | Orc:2    | XOM: blink monster(s)
 26467 | Orc:2    | XOM: give mutation
 26467 | Orc:2    | Lost mutation: You expend magic power (3 MP) to strengthen
                  | your wands. [Xom's mischief]
 26475 | Orc:2    | Killed Azrael
 26735 | Orc:2    | XOM: 1-stop teleportation journey
 26903 | Orc:2    | Found Kiuniuw's Distillery.
 26904 | Orc:2    | Found Xesups's Distillery.
 26974 | Orc:2    | XOM: cleaving
 27306 | Orc:2    | XOM: summons 8 hostile demons
 27373 | Orc:2    | Gained mutation: Your mind is acute. (Int +2) [evolution]
 27517 | Orc:2    | XOM: enchant monster (good)
 27891 | Orc:2    | XOM: summons friendly crimson imp
 27902 | Orc:2    | XOM: summons friendly shadow imp
 27910 | Orc:2    | XOM: god gift: tiny ruby amulet {god gift}
 28087 | Orc:2    | Noticed Maurice
 28117 | Orc:2    | Killed Maurice
 28117 | Orc:2    | Reached skill level 15 in Long Blades
 28148 | Orc:2    | XOM: scenery: create altars
 28188 | Orc:2    | XOM: divine lightning
 28198 | Orc:2    | XOM: polymorph orc high priest -> glowing shapeshifter
 28291 | Orc:2    | XOM: enchant monster (good)
 28303 | Orc:2    | Reached XP level 16. HP: 98/106 MP: 27/27
 28342 | Orc:2    | XOM: polymorph orc sorcerer -> shapeshifter
 28630 | Orc:2    | Found Xynux's Antique Weapon Boutique.
 28630 | Orc:2    | Found Piesyint's Gadget Shop.
 28630 | Orc:2    | Found a one-way gate leading to the halls of Pandemonium.
 28721 | Orc:2    | Found a staircase to the Elven Halls.
 28883 | Orc:2    | Bought a potion of mutation for 128 gold pieces
 28883 | Orc:2    | Bought a potion of heal wounds for 80 gold pieces
 28883 | Orc:2    | Bought a potion of haste for 160 gold pieces
 28883 | Orc:2    | Bought a potion of haste for 160 gold pieces
 28883 | Orc:2    | Bought a potion of resistance for 160 gold pieces
 28885 | Orc:2    | Bought a potion of mutation for 112 gold pieces
 28885 | Orc:2    | Bought a potion of might for 56 gold pieces
 28885 | Orc:2    | Bought a potion of mutation for 112 gold pieces
 28885 | Orc:2    | Bought a potion of invisibility for 112 gold pieces
 28885 | Orc:2    | Bought a potion of mutation for 112 gold pieces
 28887 | Orc:2    | Bought 2 potions of invisibility for 256 gold pieces
 28894 | Orc:2    | Learned a level 4 spell: Animate Dead
 29049 | Spider:1 | Entered Level 1 of the Spider Nest
 29259 | Spider:1 | XOM: god gift: phantom mirror
 29367 | Spider:1 | XOM: polymorph jumping spider -> harpy
 29399 | Spider:1 | XOM: 1-stop teleportation journey
 29435 | Spider:1 | XOM: summons 1 hostile shadow creature
 29486 | Spider:1 | XOM: silly message
 29559 | Lair:4   | XOM: silly message
 30072 | Spider:1 | XOM: give mutations
 30072 | Spider:1 | Lost mutation: You have sharp toenails. [Xom's mischief]
 30072 | Spider:1 | Lost mutation: Scrolls take you a little longer to read.
                  | [Xom's mischief]
 30072 | Spider:1 | Lost mutation: You are highly resistant to hostile
                  | enchantments. (MR++) [Xom's mischief]
 30072 | Spider:1 | Lost mutation: You are surrounded by a mild repulsion
                  | field. (EV +2) [Xom's mischief]
 30083 | Spider:1 | XOM: blink monster(s)
 30089 | Spider:1 | XOM: noise
 30099 | Spider:1 | XOM: noise
 30455 | Spider:1 | XOM: summons 3 hostile shadow creatures
 30750 | Spider:2 | XOM: noise
 30839 | Spider:2 | XOM: summons 7 friendly demons
 30843 | Spider:2 | Reached skill level 5 in Necromancy
 30941 | Spider:2 | XOM: polymorph demonic crawler -> hell hog
 30943 | Spider:2 | XOM: cleaving
 30976 | Spider:2 | XOM: 3-stop teleportation journey
 31010 | Spider:2 | Got a jewelled leather armour
 31021 | Spider:2 | Identified the +0 leather armour "Mizonk" {Harm rC+ Int+5}
                  | (You found it on level 2 of the Spider Nest)
 31041 | Spider:2 | XOM: stat loss: -1 Str (8/9)
 31146 | Spider:2 | Found a runed translucent door.
 31149 | Spider:2 | Noticed Enish's ghost (journeyman DDFi)
 31188 | Spider:2 | XOM: god gift: ration
 31320 | Spider:2 | XOM: potion effect (might)
 31707 | Spider:2 | Found a transporter.
 31790 | Spider:2 | XOM: silly message
 31823 | Spider:2 | Found a transporter.
 32035 | Spider:3 | Reached skill level 15 in Dodging
 32570 | Spider:3 | XOM: noise
 32590 | Spider:3 | XOM: cleaving
 32591 | Spider:3 | XOM: blink monster(s)
 32592 | Spider:3 | XOM: enchant monster (good)
 32619 | Spider:3 | XOM: summons 2 hostile demons
 32622 | Spider:3 | XOM: noise
 32883 | Spider:3 | XOM: noise
 32942 | Spider:3 | XOM: fog
 33388 | Spider:3 | XOM: cloud trail
 33515 | Spider:3 | XOM: enchant monster (good)
 33560 | Spider:3 | XOM: cloud trail
 33655 | Spider:3 | XOM: polymorph something unseen -> satyr
 34141 | Spider:3 | XOM: give mutations
 34141 | Spider:3 | Lost mutation: Your system is resistant to poisons. (rPois)
                  | [Xom's mischief]
 34141 | Spider:3 | Lost mutation: You are partially covered in yellow scales.
                  | (AC +2) [Xom's mischief]
 34141 | Spider:3 | Gained mutation: Your spells are a little easier to cast,
                  | but a little less powerful. [Xom's mischief]
 34141 | Spider:3 | Gained mutation: Armour fits poorly on your strangely
                  | shaped body. [Xom's mischief]
 34143 | Spider:3 | Lost mutation: Your spells are a little easier to cast, but
                  | a little less powerful. [potion of mutation]
 34143 | Spider:3 | Lost mutation: You have a beak for a mouth. [potion of
                  | mutation]
 34143 | Spider:3 | Lost mutation: Your mind is acute. (Int +2) [potion of
                  | mutation]
 34143 | Spider:3 | Gained mutation: You rapidly evolve. [potion of mutation]
 34171 | Spider:2 | XOM: draining
 34607 | Spider:4 | Entered Level 4 of the Spider Nest
 34647 | Spider:3 | Lost mutation: Armour fits poorly on your strangely shaped
                  | body. [evolution]
 34749 | Spider:3 | XOM: chaos cloud
 35031 | Spider:4 | XOM: cast spell 'Dispersal'
 35040 | Spider:4 | XOM: swap monsters
 35105 | Spider:4 | XOM: confuse monster(s)
 35163 | Spider:4 | Identified the +4 great sword "Aweatuen" {vamp, rPois rN++
                  | Str+3} (You found it on level 4 of the Spider Nest)
 35599 | Spider:4 | Reached XP level 17. HP: 103/111 MP: 0/28
 35668 | Spider:4 | XOM: blink monster(s)
 35674 | Spider:4 | Reached skill level 16 in Dodging
 35687 | Spider:4 | XOM: cast spell 'Call Canine Familiar'
 35879 | Spider:4 | XOM: confuse monster(s)
 35913 | Spider:4 | Reached skill level 10 in Armour
 35951 | Spider:4 | XOM: potion effect (magic)
 35957 | Spider:4 | XOM: destruction
 36012 | Spider:4 | Got a gossamer rune of Zot
 36216 | Spider:4 | Learned a level 4 spell: Passage of Golubria
 36350 | Shoals:1 | Entered Level 1 of the Shoals
 36456 | Lair:4   | XOM: noise
 36603 | Shoals:1 | Reached skill level 1 in Translocations
 36961 | Shoals:1 | XOM: polymorph harpy -> eye of draining
 37147 | Shoals:1 | XOM: smoke on damage
 37168 | Shoals:1 | XOM: scenery: create altars
 37464 | Shoals:1 | XOM: give mutations
 37464 | Shoals:1 | Lost mutation: You rapidly evolve. [Xom's mischief]
 37464 | Shoals:1 | Gained mutation: Scrolls take you a little longer to read.
                  | [Xom's mischief]
 37605 | Shoals:1 | Noticed a kraken
 37654 | Shoals:1 | XOM: summons friendly iron imp
 38251 | Shoals:1 | Got a spiked ring mail
 38254 | Shoals:1 | Identified the +1 ring mail "Doowkega" {Str+2 Slay+3} (You
                  | found it on level 1 of the Shoals)
 38495 | Shoals:2 | XOM: summons 2 friendly demons
 38537 | Shoals:2 | XOM: scenery: create altars
 38573 | Shoals:2 | XOM: confuse monster(s)
 38579 | Shoals:2 | XOM: draining
 38614 | Shoals:2 | XOM: give mutation
 38614 | Shoals:2 | Gained mutation: You expend magic power (3 MP) to
                  | strengthen your wands. [Xom's grace]
 38619 | Shoals:2 | Learned a level 3 spell: Lesser Beckoning
 38695 | Shoals:2 | XOM: give mutations
 38695 | Shoals:2 | Gained mutation: Your flesh is cold resistant. (rC+) [Xom's
                  | grace]
 38695 | Shoals:2 | Lost mutation: You evolve. [Xom's grace]
 38695 | Shoals:2 | Gained mutation: You are somewhat resistant to further
                  | mutation. [Xom's grace]
 38695 | Shoals:2 | Gained mutation: Your muscles are strong. (Str +2) [Xom's
                  | grace]
 38835 | Shoals:2 | Got a faintly glowing war axe
 39006 | Shoals:2 | Reached skill level 5 in Translocations
 39441 | Shoals:2 | XOM: 2-stop teleportation journey
 39470 | Shoals:2 | XOM: summons friendly ufetubus
 39679 | Shoals:2 | XOM: scenery: create altars
 40125 | Shoals:3 | Noticed a kraken
 40131 | Shoals:3 | a kraken changed into a fire giant
 40131 | Shoals:3 | XOM: polymorph kraken -> fire giant
 40223 | Shoals:3 | XOM: summons 16 friendly demons
 40293 | Shoals:2 | XOM: summons 1 hostile shadow creature
 40311 | Shoals:2 | XOM: 1-stop teleportation journey
 40409 | Shoals:3 | XOM: summons friendly ufetubus
 40410 | Shoals:3 | XOM: summons 16 friendly demons
 40592 | Shoals:3 | XOM: god gift: box of beasts
 40625 | Shoals:3 | Noticed Ilsuiw
 40653 | Shoals:3 | Killed Ilsuiw
 41138 | Shoals:3 | Noticed a kraken
 41162 | Shoals:3 | XOM: scenery: create altars
 41197 | Shoals:4 | Entered Level 4 of the Shoals
 41206 | Shoals:4 | XOM: destruction
 41210 | Shoals:3 | XOM: fog
 41518 | Shoals:3 | XOM: 3-stop teleportation journey
 41594 | Shoals:3 | XOM: polymorph faun -> sea snake
 41647 | Shoals:3 | XOM: cleaving
 41676 | Shoals:2 | Reached XP level 18. HP: 114/116 MP: 15/31
 41721 | Shoals:2 | XOM: give mutations
 41721 | Shoals:2 | Gained mutation: Your mind is acute. (Int +2) [Xom's grace]
 41721 | Shoals:2 | Gained mutation: You are partially covered in molten
                  | scales. (AC +2) [Xom's grace]
 41721 | Shoals:2 | Gained mutation: Your flesh is heat resistant. (rF+) [Xom's
                  | grace]
 41738 | Shoals:3 | XOM: cloud trail
 41769 | Shoals:4 | XOM: enchant monster (good)
 41844 | Shoals:4 | Got a slimy crystal amulet
 41847 | Shoals:4 | Identified the amulet of Finality {RegenMP rPois rN+
                  | Slay+2} (You found it on level 4 of the Shoals)
 42040 | Shoals:4 | XOM: cloud trail
 42323 | Shoals:3 | XOM: divination: detect items
 42507 | Shoals:4 | XOM: divine lightning
 42541 | Shoals:4 | XOM: 3-stop teleportation journey
 42556 | Shoals:4 | Got a barnacled rune of Zot
 42836 | Shoals:4 | XOM: divination: detect items
 42898 | Shoals:4 | XOM: divination: detect items
 42943 | Shoals:4 | Got a jewelled hand axe
 43065 | Shoals:4 | XOM: potion effect (invisibility)
 43097 | Shoals:4 | XOM: give mutations
 43097 | Shoals:4 | Gained mutation: You are covered in fur. (AC +1) [Xom's
                  | grace]
 43097 | Shoals:4 | Gained mutation: Your flesh is very heat resistant. (rF++)
                  | [Xom's grace]
 43097 | Shoals:4 | Gained mutation: You have sharp toenails. [Xom's grace]
 43301 | Shoals:4 | XOM: enchant monster (good)
 43305 | Shoals:4 | XOM: potion effect (haste)
 43306 | Shoals:4 | XOM: summons 16 friendly demons
 43370 | Shoals:4 | XOM: 3-stop teleportation journey
 43615 | Shoals:4 | XOM: enchant monster (good)
 43625 | Shoals:4 | XOM: divination: magic mapping
 43644 | Shoals:4 | XOM: scenery: create altars
 43656 | Shoals:4 | XOM: summons 16 friendly demons
 43728 | Shoals:3 | XOM: cast spell 'Call Canine Familiar'
 43845 | Shoals:3 | XOM: give mutations
 43845 | Shoals:3 | Gained mutation: You can translocate small distances at
                  | will. [Xom's grace]
 43845 | Shoals:3 | Gained mutation: Your mind is very acute. (Int +4) [Xom's
                  | grace]
 43989 | Shoals:3 | XOM: scenery: create altars
 44046 | Shoals:3 | Learned a level 5 spell: Agony
 44117 | Shoals:3 | XOM: enchant monster (good)
 44134 | Shoals:3 | XOM: divination: detect items
 44177 | Shoals:3 | XOM: god gift: plate armour {god gift}
 44493 | Shoals:4 | XOM: silly message
 44499 | Shoals:4 | XOM: noise
 44995 | Elf:1    | Entered Level 1 of the Elven Halls
 45001 | Elf:1    | XOM: cast spell 'Summon Butterflies'
 45023 | Elf:1    | XOM: enchant monster (good)
 45026 | Elf:1    | XOM: confuse monster(s)
 45188 | Elf:1    | XOM: 7-stop teleportation journey
 45217 | Elf:1    | Identified the +0 pair of boots "Ivvouno" {rPois rN+} (You
                  | found it on level 1 of the Elven Halls)
 45414 | Elf:1    | XOM: polymorph fire crab -> shapeshifter
 45539 | Elf:1    | Found Iteasama's General Store.
 45539 | Elf:1    | Found Vewkul's Antique Weapon Shop.
 45578 | Elf:1    | Bought a scroll of immolation for 63 gold pieces
 45704 | Elf:1    | XOM: noise
 45718 | Elf:1    | XOM: potion effect (stabbing)
 45737 | Elf:1    | XOM: silly message
 45812 | Elf:1    | Identified the Papyrus of the Entourage
 45863 | Elf:1    | XOM: smoke on damage
 45864 | Elf:1    | XOM: divination: detect items
 45987 | Elf:1    | XOM: silly message
 46219 | Elf:2    | XOM: noise
 46231 | Elf:2    | XOM: blink monster(s)
 46334 | Elf:2    | Reached skill level 10 in Necromancy
 46391 | Elf:2    | XOM: polymorph tyrant leech -> glowing shapeshifter
 46398 | Elf:2    | XOM: smoke on damage
 46481 | Elf:2    | XOM: give mutations
 46481 | Elf:2    | Lost mutation: Your mind is very acute. (Int +4) [Xom's
                  | mischief]
 46481 | Elf:2    | Lost mutation: Your muscles are strong. (Str +2) [Xom's
                  | mischief]
 46491 | Elf:2    | XOM: give mutations
 46491 | Elf:2    | Gained mutation: Your movements are slightly less
                  | encumbered by armour. (ER -2) [Xom's grace]
 46491 | Elf:2    | Gained mutation: You are covered in thick fur. (AC +2)
                  | [Xom's grace]
 46690 | Elf:2    | Found an ancient bone altar of Kikubaaqudgha.
 46797 | Elf:2    | XOM: 1-stop teleportation journey
 46843 | Elf:2    | XOM: summons friendly iron imp
 46862 | Elf:2    | XOM: summons 16 friendly demons
 46890 | Elf:2    | XOM: 4-stop teleportation journey
 47203 | Elf:2    | XOM: 1-stop teleportation journey
 47238 | Elf:2    | XOM: noise
 47403 | Elf:2    | Found a runed translucent gate.
 47403 | Elf:2    | Found a runed translucent gate.
 47403 | Elf:2    | Found a runed translucent gate.
 47673 | Elf:3    | Entered Level 3 of the Elven Halls
 47991 | Vaults:1 | Entered Level 1 of the Vaults
 48032 | Vaults:1 | XOM: chaos upgrade
 48060 | D:13     | XOM: smoke on damage
 48140 | D:12     | XOM: divination: magic mapping
 48259 | Vaults:1 | XOM: potion effect (invisibility)
 48263 | Vaults:1 | XOM: confuse monster(s)
 48456 | Vaults:1 | Reached XP level 19. HP: 122/122 MP: 26/34
 48603 | Vaults:1 | XOM: swap monsters
 48619 | Vaults:1 | XOM: divination: detect items
 48628 | Vaults:1 | XOM: confuse monster(s)
 48629 | Vaults:1 | XOM: potion effect (berserk rage)
 48634 | Vaults:1 | XOM: noise
 48647 | Vaults:1 | XOM: blink monster(s)
 48657 | Vaults:1 | XOM: smoke on damage
 48668 | Vaults:1 | HP: 6/122 [deep elf blademaster/+0 rapier (33)]
 48673 | Vaults:1 | XOM: divination: detect items
 48674 | Vaults:1 | XOM: confuse monster(s)
 48680 | Vaults:1 | XOM: cast spell 'Summon Butterflies'
 48727 | Vaults:1 | XOM: silly message
 48739 | Vaults:1 | XOM: noise
 48741 | Vaults:1 | XOM: polymorph merfolk impaler -> shapeshifter
 48744 | Vaults:1 | XOM: polymorph soldier ant -> shapeshifter
 48863 | Vaults:1 | Reached skill level 17 in Dodging
 49022 | Vaults:1 | XOM: smoke on damage
 49092 | Vaults:1 | XOM: 2-stop teleportation journey
 49144 | Vaults:1 | XOM: polymorph deep elf knight -> slime creature
 49150 | Vaults:1 | XOM: noise
 49331 | Vaults:1 | Found Pouxuuc's Magic Scroll Shop.
 49337 | Vaults:1 | XOM: cloud trail
 49346 | Vaults:1 | Bought a scroll of blinking for 90 gold pieces
 49346 | Vaults:1 | Bought 3 scrolls of enchant armour for 270 gold pieces
 49346 | Vaults:1 | Bought a scroll of fog for 24 gold pieces
 49432 | Vaults:1 | Bought a scroll of immolation for 42 gold pieces
 49432 | Vaults:1 | Bought a scroll of immolation for 42 gold pieces
 49471 | Vaults:1 | XOM: enchant monster (good)
 49676 | Vaults:1 | Found a runed translucent gate.
 49676 | Vaults:1 | Found a runed translucent gate.
 49676 | Vaults:1 | Found a runed translucent gate.
 49677 | Vaults:1 | Noticed Enish's ghost (adept DDFi)
 49679 | Vaults:1 | Found an iron altar of Okawaru.
 50018 | Vaults:2 | XOM: cast spell 'Discord'
 50136 | Vaults:2 | XOM: 3-stop teleportation journey
 50154 | Vaults:2 | XOM: polymorph yaktaur captain -> entropy weaver
 50195 | Vaults:2 | XOM: 1-stop teleportation journey
 50199 | Vaults:2 | Found the +0 staff of Battle
 50258 | Vaults:2 | XOM: fake destruction
 50272 | Vaults:2 | Reached skill level 15 in Fighting
 50272 | Vaults:2 | XOM: divine lightning
 50448 | Vaults:2 | XOM: summons friendly iron imp
 50592 | Vaults:2 | XOM: scenery: 1 doors open, 2 doors close
 50602 | Vaults:2 | Found the +9 scales of the Dragon King {rPois rF+ rC+ MR+}
 50834 | Vaults:2 | XOM: 1-stop teleportation journey
 50886 | Vaults:2 | XOM: fog
 50911 | Vaults:2 | Found Taism's Armour Shoppe.
 51014 | Vaults:2 | XOM: 1-stop teleportation journey
 51044 | Vaults:2 | Reached skill level 18 in Dodging
 51138 | Vaults:2 | XOM: summons 7 hostile demons
 51315 | Vaults:2 | XOM: give mutations
 51315 | Vaults:2 | Lost mutation: You are resistant to hostile enchantments.
                  | (MR+) [Xom's mischief]
 51315 | Vaults:2 | Lost mutation: Your movements are slightly less encumbered
                  | by armour. (ER -2) [Xom's mischief]
 51315 | Vaults:2 | Lost mutation: Your mind is acute. (Int +2) [Xom's
                  | mischief]
 51315 | Vaults:2 | Lost mutation: You can translocate small distances at will.
                  | [Xom's mischief]
 51553 | Vaults:2 | XOM: stat loss: -1 Int (19/20)
 51874 | D:14     | XOM: god gift: scroll of torment
 51991 | Vaults:2 | XOM: scenery: 1 doors close
 52023 | Vaults:3 | XOM: cleaving
 52094 | Vaults:3 | XOM: god gift: 500 gold pieces
 52156 | Vaults:3 | Found Irufays's Gadget Shoppe.
 52177 | Vaults:3 | XOM: destruction
 52180 | Vaults:3 | XOM: enchant monster (good)
 52304 | Vaults:3 | XOM: god gift: ration
 52409 | Vaults:3 | XOM: scenery: create altars
 52445 | Vaults:3 | XOM: cloud trail
 52537 | Vaults:3 | XOM: chaos upgrade
 52710 | Vaults:3 | XOM: chaos upgrade
 52720 | Vaults:3 | XOM: summons 2 friendly demons
 52880 | Vaults:3 | Found a staircase to the Crypt.
 53000 | Vaults:3 | XOM: chaos upgrade
 53041 | Vaults:3 | XOM: noise
 53051 | Vaults:3 | XOM: destruction
 53062 | Vaults:3 | XOM: divination: detect items
 53063 | Vaults:3 | Reached skill level 5 in Spellcasting
 53065 | Vaults:3 | XOM: 9-stop teleportation journey
 53135 | Vaults:3 | XOM: summons 10 hostile demons
 53485 | Vaults:3 | XOM: enchant monster (bad)
 53543 | Vaults:3 | XOM: stat loss: -1 Str (17/18)
 53574 | Vaults:3 | XOM: stat loss: -1 Str (16/18)
 53604 | Vaults:3 | XOM: summons friendly quasit
 53645 | Vaults:3 | XOM: god gift: potion of lignification
 53887 | Vaults:3 | XOM: 1-stop teleportation journey
 54079 | Vaults:3 | XOM: enchant monster (good)
 54085 | Vaults:3 | XOM: summons 2 friendly demons
 54161 | Vaults:3 | XOM: enchant monster (good)
 54312 | Vaults:3 | XOM: god gift: 21 stones
 54440 | Vaults:3 | XOM: confuse monster(s)
 54453 | Vaults:3 | XOM: silly message
 54467 | Vaults:3 | Reached XP level 20. HP: 130/130 MP: 35/35
 54555 | Vaults:3 | Cast into level 3 of the Abyss (vault guard)
 54585 | Abyss:3  | Learned a level 1 spell: Apportation
 54636 | Abyss:3  | XOM: swap monsters
 54642 | Abyss:3  | XOM: confuse monster(s)
 54657 | Abyss:3  | Found a corrupted altar of Lugonu.
 54675 | Abyss:3  | XOM: cleaving
 54688 | Abyss:3  | XOM: fog
 54704 | Abyss:3  | XOM: summons 8 friendly demons
 54752 | Abyss:3  | Found a corrupted altar of Lugonu.
 54789 | Abyss:3  | Found an ancient bone altar of Kikubaaqudgha.
 54814 | Abyss:3  | Found a hide-covered altar of Uskayaw.
 54913 | Abyss:3  | XOM: summons 2 friendly demons
 54928 | Abyss:3  | XOM: fog
 55317 | Abyss:3  | XOM: summons 2 friendly demons
 55333 | Abyss:3  | XOM: confuse monster(s)
 55507 | Abyss:3  | XOM: divination: detect creatures
 55525 | Abyss:3  | XOM: summons friendly crimson imp
 55576 | Abyss:3  | XOM: summons 4 friendly demons
 55581 | Abyss:3  | XOM: polymorph fire bat -> wyvern
 55657 | Abyss:3  | XOM: enchant monster (good)
 55669 | Abyss:3  | XOM: potion effect (heal wounds)
 55706 | Abyss:3  | XOM: noise
 55748 | Vaults:3 | Escaped the Abyss
 55748 | Vaults:3 | XOM: confuse monster(s)
 55787 | Vaults:3 | Reached skill level 10 in Translocations
 55808 | Vaults:3 | XOM: polymorph two-headed ogre -> glowing shapeshifter
 56001 | Vaults:4 | XOM: scenery: 1 doors close
 56106 | Vaults:4 | XOM: enchant monster (good)
 56217 | Vaults:4 | XOM: 1-stop teleportation journey
 56364 | Vaults:4 | XOM: noise
 56567 | Vaults:4 | Found Nuemyo's Magic Scroll Shop.
 56567 | Vaults:4 | XOM: 2-stop teleportation journey
 56872 | Vaults:4 | XOM: smoke on damage
 56874 | Vaults:4 | XOM: noise
 56882 | Vaults:4 | XOM: enchant monster (bad)
 57044 | Vaults:4 | XOM: chaos upgrade
 57133 | Vaults:4 | XOM: cast spell 'Metabolic Englaciation'
 57189 | Vaults:4 | XOM: polymorph deep elf archer -> alligator
 57208 | Vaults:4 | XOM: polymorph red devil -> orange demon
 57230 | Vaults:4 | XOM: summons 2 friendly demons
 57263 | Vaults:4 | XOM: chaos upgrade
 57285 | Vaults:4 | XOM: noise
 57286 | Vaults:4 | XOM: silly message
 57617 | Vaults:4 | XOM: divination: detect creatures
 57776 | Vaults:4 | Bought a scroll of magic mapping for 49 gold pieces
 57776 | Vaults:4 | Bought a scroll of blinking for 105 gold pieces
 57776 | Vaults:4 | Bought a scroll of immolation for 49 gold pieces
 58084 | Vaults:2 | XOM: scenery: 2 doors close
 58208 | Orc:1    | XOM: scenery: create altars
 58317 | Elf:1    | XOM: god gift: 12 arrows
 58710 | Vaults:4 | Bought a scroll of brand weapon for 280 gold pieces
 58748 | Vaults:4 | XOM: cloud trail
 58775 | Vaults:4 | XOM: scenery: 2 doors close
 59101 | D:9      | XOM: cloud trail
 59122 | D:9      | XOM: give mutations
 59122 | D:9      | Gained mutation: You passively map a small area around you.
                  | [Xom's grace]
 59122 | D:9      | Gained mutation: You are agile. (Dex +2) [Xom's grace]
 59122 | D:9      | Gained mutation: You are partially covered in thin metallic
                  | scales. (AC +2) [Xom's grace]
 59161 | D:9      | Killed Dirian's ghost
 59172 | D:9      | XOM: scenery: 3 doors close
 59197 | D:9      | XOM: cast spell 'Summon Horrible Things'
 59210 | D:9      | Killed Lauz's ghost
 59215 | D:9      | Killed schauveau's ghost
 59225 | D:9      | Killed Aviak's ghost
 59322 | D:11     | Identified Xom's Papyrus of the Game of Kings (Xom gifted
                  | it to you on level 11 of the Dungeon)
 59322 | D:11     | XOM: god gift: Xom's Papyrus of the Game of Kings
 60018 | Elf:3    | Noticed Asterion
 60040 | Elf:3    | Killed Asterion
 60040 | Elf:3    | Reached skill level 1 in Shields
 60206 | Elf:3    | Noticed Bai Suzhen
 60235 | Elf:3    | XOM: cast spell 'Olgreb's Toxic Radiance'
 60262 | Elf:3    | XOM: cast spell 'Discord'
 60303 | Elf:2    | Killed Bai Suzhen
 60379 | Elf:3    | XOM: cast spell 'Disjunction'
 60582 | Elf:3    | XOM: divination: magic mapping
 60591 | Elf:2    | XOM: divination: magic mapping
 60598 | Elf:2    | XOM: enchant monster (good)
 60611 | Elf:2    | XOM: swap monsters
 60934 | Elf:3    | XOM: smoke on damage
 61044 | Elf:2    | XOM: give mutations
 61044 | Elf:2    | Gained mutation: You are very agile. (Dex +4) [Xom's grace]
 61044 | Elf:2    | Gained mutation: You have a pair of small horns on your
                  | head. [Xom's grace]
 61044 | Elf:2    | Gained mutation: You have a pair of horns on your head.
                  | [Xom's grace]
 61044 | Elf:2    | Gained mutation: You can translocate small distances at
                  | will. [Xom's grace]
 61143 | Elf:3    | XOM: enchant monster (good)
 61187 | Elf:3    | XOM: cast spell 'Disjunction'
 61194 | Elf:3    | XOM: fake destruction
 61288 | Elf:2    | XOM: god gift: potion of degeneration
 61293 | Elf:3    | XOM: swap monsters
 61306 | Elf:3    | XOM: butterfly on damage
 61586 | Elf:2    | XOM: noise
 61603 | Elf:3    | Reached skill level 5 in Shields
 61865 | Elf:3    | XOM: chaos upgrade
 61872 | Elf:3    | XOM: give mutation
 61872 | Elf:3    | Lost mutation: Your flesh is very heat resistant. (rF++)
                  | [Xom's mischief]
 62113 | Elf:2    | XOM: 1-stop teleportation journey
 62133 | Elf:2    | XOM: summons 6 hostile demons
 62146 | Elf:2    | XOM: polymorph iron imp -> shadow imp
 62147 | Elf:2    | XOM: 1-stop teleportation journey
 62167 | Elf:2    | XOM: blink monster(s)
 62339 | Elf:2    | Reached XP level 21. HP: 136/136 MP: 36/36
 62431 | Elf:2    | XOM: give mutations
 62431 | Elf:2    | Lost mutation: You have sharp toenails. [Xom's mischief]
 62431 | Elf:2    | Lost mutation: You are covered in thick fur. (AC +2) [Xom's
                  | mischief]
 62719 | Elf:2    | XOM: potion effect (stabbing)
 62814 | Elf:2    | XOM: divine lightning
 62815 | Elf:2    | XOM: summons 2 hostile shadow creatures
 62983 | Elf:2    | XOM: torment (60/136 hp)
 63284 | Elf:2    | XOM: divine lightning
 63514 | Elf:3    | XOM: silly message
 63540 | Elf:3    | XOM: summons 9 friendly demons
 63643 | Elf:3    | Identified the ring "Etojerghy" {+Inv rN+ Str+5}
 63662 | Elf:3    | Learned a level 2 spell: Blink
 63682 | Elf:3    | XOM: enchant monster (good)
 63862 | Elf:3    | XOM: swap monsters
 63945 | Elf:2    | XOM: divination: detect items
 64198 | Elf:3    | XOM: god gift: 12 gold pieces
 64207 | Elf:3    | XOM: noise
 64279 | Elf:3    | Identified the ring "Kuror" {Wiz rElec rN+ Str+2}
 64287 | Elf:3    | XOM: blink monster(s)
 64648 | Elf:3    | Identified the +2 ring mail of Patterns {*Drain rElec Str+9
                  | SInv}
 64689 | Elf:3    | XOM: scenery: create altars
 64997 | Elf:3    | XOM: swap monsters
 65181 | Elf:3    | XOM: silly message
 65378 | Elf:3    | Identified the Handbook of Feathers and Hexes
 65432 | Elf:3    | Identified the Papyrus of Displacement and Stones
 65436 | Elf:3    | Identified the Reference Book on the Glacier and the Voyage
 65479 | Elf:3    | XOM: cast spell 'Monstrous Menagerie'
 65519 | Elf:3    | XOM: give mutation
 65519 | Elf:3    | Gained mutation: You have sharp toenails. [Xom's grace]
 65608 | Elf:3    | XOM: give mutations
 65608 | Elf:3    | Gained mutation: You are covered in thick fur. (AC +2)
                  | [Xom's grace]
 65608 | Elf:3    | Gained mutation: You are resistant to hostile enchantments.
                  | (MR+) [Xom's grace]
 65608 | Elf:3    | Gained mutation: Your mind is acute. (Int +2) [Xom's grace]
 65608 | Elf:3    | Gained mutation: You have a pair of large horns on your
                  | head. [Xom's grace]
 65723 | Elf:3    | XOM: give mutation
 65723 | Elf:3    | Gained mutation: Your muscles are strong. (Str +2) [Xom's
                  | grace]
 65737 | Elf:3    | Learned a level 5 spell: Borgnjor's Vile Clutch
 65741 | Elf:3    | Learned a level 3 spell: Spectral Weapon
 66027 | Slime:1  | Entered Level 1 of the Pits of Slime
 66535 | Lair:6   | XOM: potion effect (might)
 66541 | Lair:6   | Reached skill level 1 in Charms
 66547 | Slime:1  | XOM: divination: detect items
 66548 | Slime:1  | Reached skill level 1 in Hexes
 66551 | Slime:1  | XOM: enchant monster (good)
 66555 | Slime:1  | Reached skill level 1 in Earth Magic
 66882 | Lair:6   | XOM: confuse monster(s)
 67181 | Slime:2  | Gained mutation: Scrolls take you longer to read. [a
                  | shining eye]
 67250 | Slime:3  | XOM: enchant monster (good)
 67534 | Slime:4  | XOM: blink monster(s)
 67536 | Slime:4  | Reached skill level 10 in Shields
 67630 | Slime:5  | Entered Level 5 of the Pits of Slime
 67741 | Slime:5  | XOM: silly message
 67821 | Slime:5  | XOM: confuse monster(s)
 68015 | Slime:5  | XOM: stat loss: -1 Int (19/23)
 68385 | Slime:5  | Noticed the Royal Jelly
 68421 | Slime:4  | XOM: polymorph azure jelly -> shapeshifter
 68454 | Slime:5  | XOM: potion effect (brilliance)
 68484 | Slime:5  | Found a viscous altar of Jiyva.
 68643 | Slime:5  | XOM: potion effect (haste)
 68672 | Slime:5  | XOM: potion effect (invisibility)
 68862 | Slime:5  | Noticed Dissolution
 68873 | Slime:5  | XOM: silly message
 68890 | Slime:5  | Killed Dissolution
 68890 | Slime:5  | Reached XP level 22. HP: 45/142 MP: 36/39
 69233 | Slime:4  | XOM: noise
 69542 | Slime:5  | XOM: enchant monster (good)
 69544 | Slime:5  | XOM: smoke on damage
 69560 | Slime:5  | XOM: cleaving
 69562 | Slime:5  | Killed the Royal Jelly
 69562 | Slime:5  | Reached skill level 5 in Earth Magic
 69568 | Slime:5  | XOM: cast spell 'Call Canine Familiar'
 69795 | Slime:5  | XOM: cast spell 'Discord'
 69807 | Slime:5  | XOM: enchant monster (good)
 70103 | Slime:5  | Got a crude hand axe
 70134 | Slime:5  | Got a slimy rune of Zot
 70163 | Slime:5  | Identified the Grimoire of Unholy Rites and Flames
 70194 | Slime:5  | Got a spiked leather armour
 70197 | Slime:5  | Identified the cursed +0 leather armour of the Eight Boll
                  | Weevils {Str+5 Int+3 Stlth-} (You found it on level 5 of
                  | the Pits of Slime)
 70199 | Slime:5  | Got a faintly glowing hand crossbow
 70290 | Lair:6   | Learned a level 6 spell: Death Channel
 70318 | Lair:3   | XOM: summons 1 hostile demon
 70624 | Vaults:5 | Entered Level 5 of the Vaults
 70624 | Vaults:5 | Found the +3 robe of Folly {Archmagi, MR-- Int+5}
 70635 | Vaults:5 | XOM: enchant monster (good)
 70739 | Vaults:5 | Noticed a golden dragon
 70765 | Vaults:5 | Killed a golden dragon
 70955 | Vaults:5 | Found the +3 crown of Dyrovepreva {rElec Int+2 SInv}
 70961 | Vaults:5 | Identified the Papyrus of Flamy Malediction
 71024 | Vaults:5 | Found the +4 Cigotuvi's embrace {rRot *Drain rN+}
 71124 | Vaults:5 | Got a crude scythe
 71158 | Vaults:5 | XOM: 1-stop teleportation journey
 71159 | Vaults:5 | Noticed a golden dragon
 71168 | Vaults:5 | Killed a golden dragon
 71168 | Vaults:5 | XOM: silly message
 71226 | Vaults:5 | XOM: chaos upgrade
 71311 | Vaults:5 | Identified a scroll of acquirement
 71313 | Vaults:5 | Got the +5 double sword of Ruju {drain, Str+8 Int+8 Stlth-}
 71351 | Vaults:5 | XOM: blink monster(s)
 71574 | Vaults:5 | XOM: 1-stop teleportation journey
 71593 | Vaults:5 | XOM: chaos upgrade
 71615 | Vaults:5 | XOM: noise
 71646 | Vaults:5 | XOM: 1-stop teleportation journey
 71649 | Vaults:5 | XOM: chaos upgrade
 71656 | Vaults:5 | XOM: chaos cloud
 71672 | Vaults:5 | XOM: cast spell 'Statue Form'
 71713 | Vaults:5 | XOM: summons friendly crimson imp
 71724 | Vaults:5 | XOM: 9-stop teleportation journey
 71786 | Vaults:5 | Noticed a juggernaut
 71786 | Vaults:5 | a titan changed into a juggernaut
 71786 | Vaults:5 | XOM: polymorph titan -> juggernaut
 71788 | Vaults:5 | XOM: divination: detect creatures
 71793 | Vaults:5 | Killed a juggernaut
 71816 | Vaults:5 | Reached skill level 10 in Spellcasting
 71856 | Vaults:5 | Found the +2 robe of Vines {NoPotionHeal Regen+7}
 72076 | Vaults:5 | Reached XP level 23. HP: 138/147 MP: 43/43
 72263 | Vaults:5 | Got a silver rune of Zot
 72293 | Vaults:5 | XOM: summons 5 friendly demons
 72343 | Vaults:5 | Identified the ring of Gafoto {+Inv rN+ MP-9 Stlth+} (You
                  | found it on level 5 of the Vaults)
 72447 | Vaults:5 | XOM: chaos upgrade
 72455 | Vaults:5 | XOM: enchant monster (good)
 72514 | Vaults:5 | Identified the +2 ring mail of Muisewka {*Drain Str+3
                  | Dex+5} (You found it on level 5 of the Vaults)
 72838 | Vaults:5 | XOM: enchant monster (good)
 72954 | Vaults:5 | Identified the cursed +1 rapier of Ash {freeze, MR+ MP+9
                  | SInv}
 72958 | Vaults:5 | XOM: cast spell 'Summon Small Mammal'
 73070 | Vaults:5 | Learned a level 7 spell: Spellforged Servitor
 73072 | Vaults:5 | Got the ring of Sif Muna's Esteem {MR+ EV+4}
 73181 | Crypt:1  | Entered Level 1 of the Crypt
 73765 | Vaults:3 | XOM: divination: detect creatures
 73872 | Vaults:3 | XOM: god gift: 6 rations
 74003 | Vaults:3 | XOM: stat loss: -1 Int (22/23)
 74204 | Vaults:3 | XOM: divination: detect creatures
 74340 | Vaults:3 | XOM: 9-stop teleportation journey
 74382 | Vaults:3 | XOM: god gift: book of Maledictions
 74399 | Vaults:3 | Lost mutation: You have an increased reservoir of magic.
                  | (+10% MP) [mutagenic glow]
 74589 | Vaults:3 | XOM: god gift: arbalest {god gift}
 75075 | Vaults:3 | Lost mutation: Your flesh is cold resistant. (rC+)
                  | [mutagenic glow]
 75131 | Vaults:3 | Gained mutation: Your spells are a little easier to cast,
                  | but a little less powerful. [mutagenic glow]
 75372 | Vaults:3 | Lost mutation: You are very agile. (Dex +4) [mutagenic
                  | glow]
 75429 | Vaults:3 | XOM: summons 3 hostile shadow creatures
 75591 | Vaults:3 | XOM: give mutations
 75591 | Vaults:3 | Lost mutation: You are agile. (Dex +2) [Xom's mischief]
 75591 | Vaults:3 | Lost mutation: You have a pair of large horns on your head.
                  | [Xom's mischief]
 75591 | Vaults:3 | Lost mutation: Your muscles are strong. (Str +2) [Xom's
                  | mischief]
 75911 | Vaults:3 | Gained mutation: You are clumsy. (Dex -2) [mutagenic glow]
 76334 | Vaults:3 | XOM: noise
 76818 | Vaults:3 | Cast into level 5 of the Abyss (unwielding a weapon of
                  | distortion)
 76818 | Abyss:5  | Entered Level 5 of the Abyss
 76911 | Abyss:5  | XOM: swap monsters
 76922 | Abyss:5  | Reached skill level 1 in Summonings
 76924 | Abyss:5  | Reached skill level 1 in Conjurations
 76956 | Abyss:5  | XOM: fog
 77055 | Vaults:3 | Escaped the Abyss
 77514 | Vaults:3 | Lost mutation: You possess an exceptional clarity of mind.
                  | [mutagenic glow]
 77686 | Vaults:3 | XOM: scenery: 2 doors close
 77788 | Vaults:3 | Cast into level 4 of the Abyss (unwielding a weapon of
                  | distortion)
 77896 | Abyss:4  | XOM: confuse monster(s)
 77905 | Abyss:4  | XOM: confusion (+ monsters)
 77930 | Abyss:4  | XOM: polymorph crimson imp -> quasit
 77958 | Abyss:4  | XOM: cleaving
 77962 | Abyss:4  | XOM: summons friendly crimson imp
 77971 | Abyss:4  | XOM: potion effect (invisibility)
 77974 | Abyss:4  | XOM: summons friendly ufetubus
 77975 | Abyss:4  | XOM: confuse monster(s)
 78003 | Abyss:4  | XOM: summons 4 hostile demons
 78099 | Abyss:4  | XOM: polymorph apocalypse crab -> demonic crawler
 78125 | Abyss:4  | XOM: blink monster(s)
 78131 | Abyss:4  | Paralysed by accursed screaming for 1 turns
 78155 | Abyss:4  | XOM: divination: magic mapping
 78156 | Abyss:4  | Gained mutation: You do not regenerate when monsters are
                  | visible. [a neqoxec]
 78175 | Vaults:3 | Escaped the Abyss
 78193 | Vaults:3 | Lost mutation: You are resistant to hostile enchantments.
                  | (MR+) [potion of mutation]
 78193 | Vaults:3 | Lost mutation: You are somewhat resistant to further
                  | mutation. [potion of mutation]
 78193 | Vaults:3 | Lost mutation: You are partially covered in molten scales.
                  | (AC +2) [potion of mutation]
 78193 | Vaults:3 | Lost mutation: You do not regenerate when monsters are
                  | visible. [potion of mutation]
 78193 | Vaults:3 | Lost mutation: Scrolls take you longer to read. [potion of
                  | mutation]
 78193 | Vaults:3 | Gained mutation: You are mostly covered in thin metallic
                  | scales. (AC +3) [potion of mutation]
 78199 | Vaults:3 | Cast into level 4 of the Abyss (unwielding a weapon of
                  | distortion)
 78256 | Abyss:4  | Found a glowing golden altar of the Shining One.
 78269 | Abyss:4  | Reached skill level 5 in Conjurations
 78269 | Abyss:4  | Reached skill level 5 in Summonings
 78299 | Abyss:4  | XOM: noise
 78304 | Abyss:4  | Noticed a juggernaut
 78319 | Abyss:4  | XOM: stat loss: -1 Str (17/18)
 78320 | Abyss:4  | Killed a juggernaut
 78322 | Abyss:4  | XOM: swap monsters
 78331 | Abyss:4  | Got an abyssal rune of Zot
 78401 | Vaults:3 | Escaped the Abyss
 78542 | Crypt:1  | XOM: potion effect (brilliance)
 78545 | Crypt:1  | XOM: silly message
 78551 | Crypt:1  | XOM: potion effect (haste)
 78598 | Crypt:1  | XOM: noise
 78681 | Crypt:1  | XOM: cast spell 'Leda's Liquefaction'
 78882 | Crypt:1  | XOM: god gift: 19 stones
 78934 | Crypt:1  | XOM: 1-stop teleportation journey
 79038 | Crypt:1  | XOM: noise
 79075 | Crypt:1  | XOM: noise
 79403 | Crypt:1  | XOM: silly message
 79507 | Crypt:1  | XOM: give mutation
 79507 | Crypt:1  | Lost mutation: Scrolls take you a little longer to read.
                  | [Xom's grace]
 79507 | Crypt:1  | Gained mutation: You have supernaturally acute eyesight.
                  | (SInv) [Xom's grace]
 79554 | Crypt:1  | Noticed Boris
 79570 | Crypt:1  | Killed Boris
 79597 | Crypt:1  | XOM: summons 1 hostile demon
 80154 | Crypt:2  | XOM: summons 1 hostile shadow creature
 80297 | Crypt:2  | XOM: swap monsters
 80306 | Crypt:2  | XOM: summons friendly ynoxinul
 80471 | Crypt:2  | Reached XP level 24. HP: 150/152 MP: 41/41
 80493 | Crypt:2  | XOM: summons friendly crimson imp
 80499 | Crypt:2  | XOM: potion effect (invisibility)
 80519 | Crypt:2  | Reached skill level 10 in Summonings
 80525 | Crypt:2  | XOM: god gift: scroll of holy word
 80542 | Crypt:2  | Reached skill level 10 in Conjurations
 80593 | Crypt:2  | XOM: scenery: 6 doors open, 5 doors close
 80624 | Crypt:2  | XOM: cloud trail
 80681 | Crypt:2  | XOM: 1-stop teleportation journey
 80929 | Crypt:2  | XOM: smoke on damage
 81094 | Crypt:3  | Entered Level 3 of the Crypt
 81098 | Crypt:3  | XOM: cloud trail
 81113 | Crypt:3  | XOM: cleaving
 81209 | Crypt:3  | XOM: 5-stop teleportation journey
 81289 | Crypt:3  | XOM: cast spell 'Summon Ice Beast'
 81314 | Crypt:3  | Learned a level 7 spell: Orb of Destruction
 81433 | Crypt:3  | XOM: noise
 81463 | Crypt:3  | XOM: cleaving
 81479 | Crypt:3  | Noticed Boris
 81485 | Crypt:3  | Found a staircase to the Tomb.
 81514 | Crypt:3  | XOM: fog
 81517 | Crypt:3  | Killed Boris
 81710 | Crypt:3  | XOM: stat loss: -1 Int (33/34)
 81803 | Crypt:3  | Got an iridescent rapier
 81818 | Crypt:3  | XOM: swap monsters
 81819 | Crypt:3  | Identified the +6 tower shield "Osin" {rF- rCorr Str+4}
 81913 | Crypt:3  | XOM: 7-stop teleportation journey
 82111 | Crypt:3  | XOM: silly message
 82112 | Crypt:3  | XOM: silly message
 82138 | Crypt:3  | XOM: potion effect (berserk rage)
 82167 | Crypt:3  | XOM: summons friendly iron imp
 82179 | Crypt:3  | XOM: enchant monster (good)
 82185 | Crypt:3  | XOM: divination: detect creatures
 82229 | Crypt:3  | Identified the amulet of Surprise {*Slow rF+ rC+ Regen+}
 82477 | Crypt:3  | Killed from afar by a deathcap

Illustrated notes

Levels and vault maps discovered:
D:1:      scummos_arrival_simple_crosswalls, layout_basic
D:2:      layout_loops_corners, okawaru_metal_pillars_1_2
D:3:      layout_basic, ebering_ghost_disaster_area
D:4:      layout_rooms, led_sif_pool
D:5:      minmay_polygon_palace, layout_basic, gammafunk_temple_overflow_wave,
          minmay_temple_entry_enclosed_plants, first_ration
D:6:      layout_loops_ring, grunt_temple_overflow_champion_of_chaos,
          fedhas_altar_4, xom_redecorated, uniq_edmund, uniq_eustachio
D:7:      layout_cave_pools, serial_column_ruins, column_ruins_grid_1,
          column_ruins_open_large, column_ruins_grid_4,
          column_ruins_corridor_straight, grunt_livestock
D:8:      layout_gridville, nicolae_transmutations_shop, serial_bayou_pond_c,
          minmay_circle_x
D:9:      layout_long_grid, old_standard_altar, gammafunk_ghost_cemetery,
          minmay_another_anthill
D:10:     layout_rooms, hiddenorc1_lemuel, minmay_quadrilaterals
D:11:     layout_cave_pools, dpeg_lair_monsters, serial_shops, shop_fountains,
          gammafunk_ghost_smash, uniq_harold, uniq_erica
D:12:     layout_basic, basic_altar, uniq_gastronok
D:13:     layout_big_octagon, kennysheep_just_a_vault
D:14:     layout_roguey, portal_ice_cave_entry_imps, small_statue_alley_a,
          library_closet, uniq_rupert, uniq_louise
D:15:     grunt_enter_depths_giant_problem, layout_basic, serial_park_square3
          [serial_park_minivault_5x5_5]
Lair:1:   layout_roguey
Lair:2:   layout_cave_shapes
Lair:3:   dpeg_oklob_gauntlet, layout_hall_layers, basic_altar, disabler_island,
          grunt_megastairs_2
Lair:4:   layout_big_grid, minmay_shoals_entry_beasts, spider_nest_entry_a,
          gauntlet_entry_generic, uniq_kirke
Lair:5:   kb_forest_paths, layout_regular_city
Lair:6:   wormcave, layout_regular_city, guppyfry_lair_end_dragon,
          slime_altar_2, minmay_shattered_shrine, serial_bayou_shore_a
Shoals:1: layout_shoals, nicolae_shoals_loop_pool
Shoals:2: layout_shoals
Shoals:3: layout_shoals, nicolae_shoals_stone_sculpture_thing, st_sunken_huts,
          uniq_ilsuiw
Shoals:4: shoals_end_grunt_ice, layout_shoals
Spider:1: layout_chambers, guppyfry_spider_mini_3
Spider:2: gammafunk_its_a_trap, ebering_ghost_reflecting_pool
Spider:3: layout_chambers, nicolae_orb_stairs
Spider:4: grunt_spider_rune_parallel
Slime:1:  layout_caves
Slime:2:  layout_caves
Slime:3:  layout_caves
Slime:4:  layout_caves, cheibrodos_slime_lost_civilization_4
Slime:5:  uniq_dissolution
Orc:1:    layout_caves, basic_altar, serial_shops, shop, nicolae_orc_rockfall,
          uniq_jorgrun
Orc:2:    pf_orc_diabolical, layout_diamond_mine, uniq_snorg, uniq_azrael,
          uniq_maurice
Elf:1:    eino_elf_arrival_shootout, layout_loops_corners,
          minmay_elf_demonology, minmay_shoptagon
Elf:2:    layout_geoelf_octagon, basic_altar, serial_sigils_hangedman_snap
Elf:3:    minmay_elf_hall_quartered_circle, layout_loops_cross, uniq_bai_suzhen,
          uniq_asterion
Vaults:1: gammafunk_vaults_ghost_fury_of_okawaru, ontoclasm_vaults_fault,
          vaults_room_ringed_pool, hangedman_vaults_corner_blocks, v_misc_8,
          nicolae_vaults_little_ls, nicolae_vaults_little_squares_5,
          vaults_room_boxed, vaults_dpeg_spiral, ontoclasm_vaults_eye,
          ontoclasm_vaults_twist, dpeg_vaults_monster_row,
          layout_vaults_omnibox, serial_shops, shop_coins
Vaults:2: hangedman_vaults_corner, v_misc_28, hangedman_vaults_stagger,
          nicolae_vaults_angled_halls, nicolae_vaults_hallways_thing,
          vaults_mumra_minichess_inversion, vaults_room_hallway,
          grunt_vaults_diagonal, vaults_dpeg_encased_lava, vaults_room_grid,
          layout_vaults_omnicross, serial_shops, shop
Vaults:3: vaults_standard_mumra_enter_the_diamond, v_misc_13,
          vaults_room_octagon, hangedman_vaults_river_flow, vaults_room_grid,
          nicolae_vaults_inception_scallops, vaults_room_door_hall,
          vaults_room_stairs_pillars, v_misc_26, vaults_room_fancy_cross,
          nicolae_vaults_little_squares_4, layout_vaults_chaotic_city,
          serial_shops, shop
Vaults:4: vaults_room_door_hall, nicolae_vaults_network_barrier,
          grunt_vaults_swirl, nicolae_vaults_holding_cells,
          dpeg_vaults_monster_box, ontoclasm_vaults_loading_screen,
          vaults_dpeg_hooks, ontoclasm_vaults_shuriken, v_misc_4, v_misc_19,
          nicolae_vaults_circle_grid_a, layout_vaults_ring, serial_shops,
          nicolae_shop_waterfront
Vaults:5
Crypt:1:  layout_basic, weyrava_lich_vault, grunt_crypt_arrival_guarded_gate,
          grunt_megastairs_4
Crypt:2:  layout_gridlike
Crypt:3:  david_glass_crypt, layout_basic, tomb_entry_simple_bobbens

Skill      XL: |  1  2  3  4  5  6  7  8  9 10 11 12 13 14 15 16 17 18 19 20 21 22 23 24 |
---------------+-------------------------------------------------------------------------+-----
Dodging        | 3 4 5 7 8 10 11 12 14 15 16 18 | 18.0
Fighting       | 3 4 5 6 7 8 9 10 11 12 14 15 16 | 16.0
Spellcasting   | 1 3 5 6 8 10 12 | 12.0
Necromancy     | 1 3 8 10 11 14 | 14.0
Long Blades    | 3 5 7 8 11 14 15 16 | 16.0
Evocations     | 1 5 6 8 10 12 14 | 14.0
Armour         | 6 7 9 11 12 | 12.6
Translocations | 8 9 11 | 11.5
Shields        | 5 10 12 13 | 13.0
Charms         | 4 |  4.0
Hexes          | 4 |  4.0
Earth Magic    | 4 6 |  6.0
Summonings     | 9 11 | 11.0
Conjurations   | 9 12 | 12.4

Action                   |  1- 3 |  4- 6 |  7- 9 | 10-12 | 13-15 | 16-18 | 19-21 | 22-24 || total
-------------------------+-------+-------+-------+-------+-------+-------+-------+-------++-------
Melee: Falchion          |    28 |       |       |       |       |       |       |       ||    28
       Dagger            |   108 |   174 |   300 |       |       |       |       |       ||   582
       Kick              |     4 |    51 |   203 |   130 |       |       |       |    12 ||   400
       Long sword        |       |       |   236 |   139 |       |       |       |       ||   375
       Scimitar          |       |       |       |   312 |  1598 |       |       |       ||  1910
       Great sword       |       |       |       |       |   347 |  1936 |  1702 |       ||  3985
       Peck              |       |       |       |       |   130 |    88 |       |       ||   218
       Demon blade       |       |       |       |       |       |       |  1056 |   183 ||  1239
       Headbutt          |       |       |       |       |       |       |   314 |   557 ||   871
       Double sword      |       |       |       |       |       |       |       |  1358 ||  1358
Throw: Dart              |       |     1 |     8 |    15 |       |       |       |       ||    24
       Throwing net      |       |       |       |     1 |       |       |       |     1 ||     2
       Javelin           |       |       |       |       |     6 |    17 |       |       ||    23
 Cast: Animate Skeleton  |       |       |    13 |    29 |    71 |    28 |    34 |     1 ||   176
       Animate Dead      |       |       |       |       |       |    50 |     5 |     6 ||    61
       Lesser Beckoning  |       |       |       |       |       |    75 |    77 |     4 ||   156
       Passage of Golubr |       |       |       |       |       |     5 |     7 |     2 ||    14
       Agony             |       |       |       |       |       |     9 |    17 |       ||    26
       Spectral Weapon   |       |       |       |       |       |       |    29 |    97 ||   126
       Borgnjor's Vile C |       |       |       |       |       |       |       |    55 ||    55
       Death Channel     |       |       |       |       |       |       |       |    13 ||    13
       Apportation       |       |       |       |       |       |       |       |     4 ||     4
 Abil: Evoke Invisibilit |       |       |       |       |       |     3 |     5 |       ||     8
       Blink             |       |       |       |       |       |     1 |       |       ||     1
Evoke: Wand              |       |     1 |     1 |    14 |    26 |    13 |    19 |     3 ||    77
       Tin of tremorston |       |       |       |       |    14 |    15 |    15 |     8 ||    52
       Box of beasts     |       |       |       |       |     1 |     3 |       |       ||     4
       Phial of floods   |       |       |       |       |       |     1 |     1 |       ||     2
       Phantom mirror    |       |       |       |       |       |       |       |     2 ||     2
  Use: Scroll            |       |     8 |     7 |     7 |    14 |    12 |    16 |    16 ||    80
       Potion            |       |       |       |     3 |    10 |     6 |    22 |     9 ||    50
 Stab: Sleeping          |     1 |     2 |     1 |     1 |     1 |     1 |     1 |     3 ||    11
       Petrifying        |     1 |       |       |     1 |       |       |    11 |     1 ||    14
       Invisible         |       |     1 |       |     6 |     4 |    20 |    34 |    11 ||    76
       Petrified         |       |       |     8 |     1 |       |       |    25 |     8 ||    42
       Confused          |       |       |     1 |     3 |     6 |     2 |    18 |     3 ||    33
       Distracted        |       |       |       |     1 |     6 |    17 |     8 |    23 ||    55
       Paralysed         |       |       |       |       |    17 |     6 |    77 |     4 ||   104
       Held in net/web   |       |       |       |       |       |     1 |       |       ||     1
  Eat: Chunk             |     4 |     9 |    12 |    16 |    27 |    33 |    29 |       ||   130
       Ration            |       |       |     1 |     1 |     6 |    16 |    15 |    15 ||    54
Armor: Leather armour    |    38 |    40 |    25 |       |       |       |       |    44 ||   147
       Robe              |       |       |   107 |    73 |   126 |       |       |   122 ||   428
       Skin              |       |       |       |       |    19 |       |       |       ||    19
       Swamp dragon scal |       |       |       |       |   249 |    66 |       |       ||   315
       Ring mail         |       |       |       |       |   232 |  1012 |   700 |    50 ||  1994
       Gold dragon scale |       |       |       |       |       |       |   391 |       ||   391
Dodge: Dodged            |    97 |   113 |   529 |   438 |  1413 |  2046 |  1731 |   671 ||  7038
Block: Buckler           |       |       |       |    22 |   517 |       |       |       ||   539
       Reflection        |       |       |       |       |    18 |    36 |    31 |    41 ||   126
       Other             |       |       |       |       |    89 |   480 |   409 |       ||   978
       Kite shield       |       |       |       |       |       |       |   475 |  1206 ||  1681
       Rpst.: Falchion   |    12 |       |       |       |       |       |       |       ||    12
       Long sword        |       |       |    86 |    51 |       |       |       |       ||   137
       Scimitar          |       |       |       |    85 |   260 |       |       |       ||   345
       Great sword       |       |       |       |       |    87 |   416 |   296 |       ||   799
       Demon blade       |       |       |       |       |       |       |    86 |     3 ||    89
       Double sword      |       |       |       |       |       |       |       |   106 ||   106
